 Dungeon Crawl Stone Soup version 0.26-a0-606-g3c8f2f65f7 (webtiles) character file.

Game seed: 11873050118698901054

1047806 Hores the Conqueror (level 27, -11/199 HPs)
             Began as a Gargoyle Earth Elementalist on Aug 31, 2020.
             Was the Champion of Vehumet.
             Killed from afar by a hellion (29 damage)
             ... with damnation
             ... on level 25 of a ziggurat on Sept 2, 2020.
             The game lasted 06:00:42 (89596 turns).

Hores the Conqueror (Gargoyle Earth Elementalist)  Turns: 89596, Time: 06:00:42

Health: -11/199    AC: 36    Str: 15    XL:     27
Magic:  40/72      EV: 27    Int: 33    God:    Vehumet [******]
Gold:   14536      SH:  5    Dex: 19    Spells: 6/80 levels left

rFire    + + +     SeeInvis +   x - +9 demon whip (elec)
rCold    + + +     Faith    .   (no shield)
rNeg     + . .     Spirit   .   p - +2 robe {Archmagi}
rPois    ∞         Reflect  +   C - +2 helmet "Efoclusch" {rF+ MP+9}
rElec    +         Harm     .   G - scarf {rC+ rF+}
rCorr    .         Rnd*Rage +   k - +3 pair of gauntlets of War {Slay+5}
MR       ++...                  l - +2 pair of boots {rampage}
Stlth    +++.......             D - amulet "Fyllood" {Reflect +Inv rC+ Dex+9 SH+5}
HPRegen  0.43/turn              d - ring of Vemul {rC+ Int+5 Stlth+}
MPRegen  0.43/turn              y - ring "Liazibb" {+Fly rF++ MP+9 SInv}

@: flying, slightly contaminated, studying Maces & Flails, drained
A: big wings, berserk 1, deformed body, negative energy resistance 1, shaggy fur
1, electricity resistance, strong 1, wild magic 1, unbreathing, evolution 1,
petrification resistance, rot immunity, AC +20
}: 5/15 runes: decaying, slimy, silver, abyssal, gossamer
a: Stop Flying, Renounce Religion, Evoke Invisibility


You were on level 25 of a ziggurat.
You worshipped Vehumet.
Vehumet was exalted by your worship.
You visited 11 branches of the dungeon, and saw 53 of its levels.
You visited the Abyss 5 times.
You visited 2 ziggurats (completing 1), and saw 52 of their levels.
You also visited: Gauntlet, Ice Cave and Volcano.

You collected 18887 gold pieces.
You spent 4351 gold pieces at shops.

Inventory:

Hand Weapons
 x - a +9 demon whip of electrocution (weapon)
Armour
 i - the quicksilver dragon scales of the Ecumenical Temple {MR+ Str+5 Int+5 Stlth-}
   (You found it on level 7 of a ziggurat)

   It affects your strength (+5).
   It affects your intelligence (+5).
   It affects your resistance to hostile enchantments.
   It makes you less stealthy.
 k - the +3 pair of gauntlets of War (worn) {Slay+5}
   (You acquired it on level 26 of a ziggurat)

   It affects your accuracy and damage with ranged weapons and melee attacks
   (+5).
 l - a +2 pair of boots of rampaging (worn)
 o - the +3 robe of Clouds {+Thunder rCloud rElec}
   (You found it on level 16 of a ziggurat)

   It insulates you from electricity.
 p - a +2 robe of the Archmagi (worn)
 C - the +2 helmet "Efoclusch" (worn) {rF+ MP+9}
   (You found it on level 18 of a ziggurat)

   It protects you from fire.
   It affects your magic capacity (+9).
 G - a scarf of resistance (worn)
 Y - the +0 pair of gloves "Ewkun" {+Blink rElec MR+ Dex+3}
   (You found it on level 9 of a ziggurat)

   It affects your dexterity (+3).
   It insulates you from electricity.
   It affects your resistance to hostile enchantments.
   It lets you blink.
 Z - the +1 pair of boots "Ziusius" {*Slow rF+ SInv}
   (You found it on level 21 of a ziggurat)

   It protects you from fire.
   It lets you see invisible.
   It may slow you when you take damage.
Jewellery
 d - the ring of Vemul (left hand) {rC+ Int+5 Stlth+}
   (You found it on level 1 of the Lair of Beasts)

   [ring of stealth]

   It affects your intelligence (+5).
   It protects you from cold.
   It makes you more stealthy.
 h - the amulet of Elyvilon's Indignation {Reflect rF++ SH+5 Stlth-}
   (You found it on level 4 of a ziggurat)

   [amulet of reflection]

   It shields you and reflects attacks.
   It greatly protects you from fire.
   It affects your SH (+5).
   It makes you less stealthy.
 j - the ring "Vasar" {+Inv rF+ rC+ MR++ SInv}
   (You found it on level 23 of a ziggurat)

   [ring of see invisible]

   It protects you from fire.
   It protects you from cold.
   It affects your resistance to hostile enchantments.
   It lets you see invisible.
   It lets you turn invisible.
 y - the ring "Liazibb" (right hand) {+Fly rF++ MP+9 SInv}
   (You bought it in a shop on level 4 of the Depths)

   [ring of magical power]

   It greatly protects you from fire.
   It affects your magic capacity (+9).
   It lets you see invisible.
   It lets you fly.
 z - the ring of Robustness {AC+8}
   (You found it on level 27 of a ziggurat)

   [ring of protection]

   It affects your AC (+8).
 D - the amulet "Fyllood" (around neck) {Reflect +Inv rC+ Dex+9 SH+5}
   (You took it off a boggart on level 9 of the Dungeon)

   [amulet of reflection]

   It shields you and reflects attacks.
   It affects your dexterity (+9).
   It protects you from cold.
   It lets you turn invisible.
   It affects your SH (+5).
 V - the ring of Neagur {AC+4 Str+2 Int+3}
   (You acquired it on level 14 of the Dungeon)

   [ring of protection]

   It affects your AC (+4).
   It affects your strength (+2).
   It affects your intelligence (+3).
 W - the ring "Jiarirphu" {Wiz rPois rC+ MR+++ Str-3}
   (You found it on level 19 of a ziggurat)

   [ring of wizardry]

   It improves your spell success rate.
   It affects your strength (-3).
   It protects you from cold.
   It protects you from poison.
   It affects your resistance to hostile enchantments.
Wands
 q - a wand of disintegration (69)
 u - a wand of acid (59)
 P - a wand of iceblast (128)
Scrolls
 a - 7 scrolls of holy word
 c - 21 scrolls of identify
 e - 52 scrolls of remove curse
 t - 51 scrolls of teleportation
 w - 8 scrolls of magic mapping
 E - 12 scrolls of blinking
 F - 25 scrolls of fog
 N - 17 scrolls of amnesia
 S - 3 scrolls of summoning
Potions
 f - 28 potions of mutation
 g - 3 potions of resistance
 m - 10 potions of ambrosia
 n - 5 potions of brilliance
 s - 21 potions of curing
 v - 5 potions of might
 A - 15 potions of heal wounds
 B - 3 potions of invisibility
 K - 22 potions of magic
 M - 11 potions of haste
 Q - 19 potions of cancellation
 R - 3 potions of berserk rage
Books
 b - a manual of Maces & Flails
 X - a manual of Maces & Flails
Miscellaneous
 r - a box of beasts (3/3)
 H - a lightning rod (4/4)
 I - a condenser vane (2/2)
 J - a phantom mirror
 T - a tin of tremorstones (3/3)


   Skills:
 O Level 27(25.9) Fighting
 - Level 16.0(15.1) Maces & Flails
 - Level 6.0(5.3) Armour
 + Level 17.8(16.9) Dodging
 - Level 2.1(1.6) Stealth
 O Level 27(25.9) Spellcasting
 O Level 27(25.9) Conjurations
 + Level 18.3(17.4) Necromancy
 - Level 10.0(9.2) Transmutations
 - Level 22.0(21.0) Fire Magic
 - Level 22.0(21.0) Ice Magic
 - Level 22.0(21.0) Earth Magic
 + Level 15.5(14.6) Evocations


You had 6 spell levels left.
You knew the following spells:

 Your Spells              Type           Power        Failure   Level
a - Shatter               Erth           #########.   4%          9
b - Stone Arrow           Conj/Erth      ######       1%          3
c - Lee's Rapid Deconstr  Erth           #########.   1%          5
d - Iron Shot             Conj/Erth      #########.   1%          6
e - Absolute Zero         Ice            #########.   4%          9
f - Fire Storm            Conj/Fire      #########.   1%          9
g - Ignition              Fire           #########.   1%          8
h - Necromutation         Tmut/Necr      ########..   22%         8
i - Lehudib's Crystal Sp  Conj/Erth      #########.   1%          8
j - Death's Door          Necr           ########..   50%         9

Your spell library contained the following spells:

 Spells                   Type           Power        Failure   Level
 Animate Skeleton         Necr           ######       1%          1
 Apportation              Tloc           ######       1%          1
 Beastly Appendage        Tmut           ######       1%          1
 Corona                   Hex            ######.      1%          1
 Foxfire                  Conj/Fire      ####         1%          1
 Freeze                   Ice            ####         1%          1
 Magic Dart               Conj           ####         1%          1
 Pain                     Necr           ####         1%          1
 Sandblast                Erth           ######       1%          1
 Shock                    Conj/Air       ####         1%          1
 Sting                    Tmut/Pois      ####         1%          1
 Summon Small Mammal      Summ           ####         1%          1
 Blink                    Tloc           N/A          1%          2
 Call Imp                 Summ           ######..     1%          2
 Corpse Rot               Necr/Air       N/A          1%          2
 Ensorcelled Hibernation  Hex/Ice        ######       1%          2
 Passwall                 Tmut/Erth      ########     1%          2
 Poisonous Vapours        Pois/Air       ######       1%          2
 Searing Ray              Conj           ######       1%          2
 Slow                     Hex            ######..     1%          2
 Swiftness                Air            ######..     1%          2
 Wereblood                Tmut           ########     1%          2
 Conjure Flame            Conj/Fire      ########     1%          3
 Dazzling Flash           Conj/Hex       ######       1%          3
 Frozen Ramparts          Ice            ######       1%          3
 Ignite Poison            Fire/Tmut/Pois ########     1%          3
 Inner Flame              Hex/Fire       ########     1%          3
 Mephitic Cloud           Conj/Pois/Air  ########     1%          3
 Ozocubu's Armour         Ice            ########     1%          3
 Spider Form              Tmut/Pois      #######...   1%          3
 Static Discharge         Conj/Air       ########     1%          3
 Vampiric Draining        Necr           ########..   1%          3
 Animate Dead             Necr           ########..   1%          4
 Dispel Undead            Necr           ########     1%          4
 Fulminant Prism          Conj/Hex       ########..   1%          4
 Hailstorm                Conj/Ice       ########     1%          4
 Ice Form                 Ice/Tmut       ########     1%          4
 Iskenderun's Mystic Bla  Conj/Tloc      ########     1%          4
 Leda's Liquefaction      Hex/Erth       ########..   1%          4
 Petrify                  Tmut/Erth      ########     1%          4
 Sticky Flame             Conj/Fire      ########     1%          4
 Summon Ice Beast         Ice/Summ       ########     1%          4
 Agony                    Necr           ########     1%          5
 Blade Hands              Tmut           ########..   1%          5
 Bolt of Magma            Conj/Fire/Erth #########.   1%          5
 Borgnjor's Vile Clutch   Necr/Erth      ########..   1%          5
 Excruciating Wounds      Necr           ########..   1%          5
 Fireball                 Conj/Fire      #########.   1%          5
 Irradiate                Conj/Tmut      ########..   1%          5
 Iskenderun's Battlesphe  Conj           ########     1%          5
 Lightning Bolt           Conj/Air       ########..   1%          5
 Metabolic Englaciation   Hex/Ice        ########..   1%          5
 Yara's Violent Unravell  Hex/Tmut       #######...   1%          5
 Conjure Ball Lightning   Conj/Air       ########..   1%          6
 Death Channel            Necr           ########..   1%          6
 Freezing Cloud           Conj/Ice/Air   ########..   1%          6
 Ozocubu's Refrigeration  Ice            #########.   1%          6
 Simulacrum               Ice/Necr       ########..   1%          6
 Starburst                Conj/Fire      #########.   1%          6
 Airstrike                Air            ######....   2%          4
 Olgreb's Toxic Radiance  Pois           ######..     2%          4
 Call Canine Familiar     Summ           ######..     3%          3
 Confusing Touch          Hex            ######..     3%          3
 Gell's Gravitas          Tloc           ######....   3%          3
 Portal Projectile        Hex/Tloc       ######       3%          3
 Summon Guardian Golem    Hex/Summ       ######..     3%          3
 Teleport Other           Tloc           ######..     3%          3
 Tukima's Dance           Hex            ######..     3%          3
 Hydra Form               Tmut           ########..   3%          6
 Alistair's Intoxication  Tmut/Pois      #######..    4%          5
 Cause Fear               Hex            ######....   9%          4
 Passage of Golubria      Tloc           N/A          9%          4
 Summon Lightning Spire   Summ/Air       ######..     9%          4
 Eringya's Noxious Bog    Tmut/Pois      #######...   19%         6
 Silence                  Hex/Air        ######....   22%         5
 Summon Demon             Summ           ######....   22%         5
 Summon Forest            Summ/Tloc      ######....   22%         5
 Summon Mana Viper        Hex/Summ       ######..     22%         5
 Dispersal                Tloc           ######....   73%         6
 Invisibility             Hex            ######..     73%         6
 Shadow Creatures         Summ           N/A          73%         6
 Orb of Destruction       Conj           #########.   1%          7
 Spellforged Servitor     Conj/Summ      ########..   1%          7
 Borgnjor's Revivificati  Necr           ########..   4%          8
 Infestation              Necr           ########..   4%          8
 Chain Lightning          Conj/Air       ########..   7%          8
 Dragon Form              Tmut           ########..   16%         7
 Haunt                    Necr/Summ      ########..   19%         7
 Malign Gateway           Summ/Tloc      ######....   99%         7
 Monstrous Menagerie      Summ           ######....   99%         7
 Summon Greater Demon     Summ           ######....   99%         7
 Summon Hydra             Summ           ######....   99%         7
 Discord                  Hex            ######....   100%        8
 Disjunction              Tloc           ######....   100%        8
 Summon Horrible Things   Summ           ######....   100%        8
 Tornado                  Air            ######....   100%        9
 Sublimation of Blood     Necr           Unusable     N/A         2
 Statue Form              Tmut/Erth      Unusable     N/A         6

Dungeon Overview and Level Annotations

Branches:
Dungeon (15/15)            Temple (1/1) D:4            Lair (6/6) D:8
  Swamp (4/4) Lair:3       Spider (4/4) Lair:4        Slime (5/5) Lair:5
    Orc (2/2) D:10            Elf (3/3) Orc:2        Vaults (5/5) D:14
  Crypt (3/3) Vaults:3       Tomb (0/3) Crypt:3      Depths (5/5) D:15
    Zot (0/5) Depths:5      IceCv (visited)         Volcano (visited)
Gauntlet (visited)

Altars:
Ashenzari
Cheibriados
Dithmenos
Elyvilon
Fedhas
Gozag
Hepliaklqana
Kikubaaqudgha
Makhleb
Nemelex Xobeh
Okawaru
Qazlal
Ru
Sif Muna
Trog
Uskayaw
Vehumet
Wu Jian
Xom
Yredelemnul
Zin
The Shining One
Beogh
Jiyva
Lugonu

Shops:
D:10 (   D:11 =   D:13 =[*?*   Orc:2 !((=   Elf:1 [   Elf:2 ?   Vaults:2 [
Vaults:4 !   Depths:2 **   Depths:4 }==

Portals:
Hell: Depths:1 Depths:2 Depths:3 Depths:4 Depths:5
Abyss: Depths:1 Depths:4
Pandemonium: Depths:2 Depths:3
Trove: D:15 (give 14 potions of heal wounds)

Annotations:
Elf:2 5 runed translucent doors
Depths:2 2 transporters, 3 runed translucent doors


Innate Abilities, Weirdness & Mutations

You are resistant to torment.
Your stone body is resilient. (AC +20)
You are immune to poison.
Your large and strong wings let you fly indefinitely.
You resist negative energy. (rN+)
You are resistant to electric shocks. (rElec)
You can survive without breathing.
You are immune to petrification.
You are immune to rotting.
You tend to lose your temper in combat.
Armour fits poorly on your strangely shaped body.
You are covered in fur. (AC +1)
Your muscles are strong. (Str +2)
Your spells are a little harder to cast, but a little more powerful.
You evolve.


Message History

Confirm with . or Enter, or press ? or * to list all spells.
You feel a surge of power!
You miscast Death's Door.
You are very lightly contaminated with residual magic.
Strange energies run through your body! You partially resist.
You feel drained.
* * * LOW HITPOINT WARNING * * *
A deep elf sorcerer skeleton comes into view.
A deep elf high priest zombie comes into view.
A golden dragon zombie comes into view.
An iron dragon zombie comes into view.
Casting: Death's Door (dangerous; 43% risk of failure)
Confirm with . or Enter, or press ? or * to list all spells.
You feel a surge of power!
You miscast Death's Door.
You are lightly contaminated with residual magic.
Your flesh rots away!
You partially resist.
You feel drained.
* * * LOW HITPOINT WARNING * * *
The hellion gestures at you.
The sphere of damnation explodes!
The damnation engulfs you!!
* * * LOW HITPOINT WARNING * * *
The hellion gestures at you.
The sphere of damnation explodes!
The damnation engulfs you!!
You die...

▓▓.............
▓▓.............Z
▓▓....... .....#
▓▓.......##)..).##
▓▓........#)...)°.#
▓▓..........).†).)).
▓▓...........)..ZZ)Z.
▓.∩..........@.2.ZWZZ
▓▓............).2.)Z.
▓▓.............Z..ZZ
▓▓........#...22..#
▓▓..............##
▓▓.......#...).#
▓▓...........Z..
▓▓.............


You could see a balrug, a flayed ghost, 3 hellions, a shadow dragon zombie, an
iron dragon zombie, 3 golden dragon zombies, a deep elf high priest zombie, a
storm dragon skeleton, a sphinx skeleton, a deep elf sorcerer skeleton, 2 titan
skeletons and a deep elf elementalist skeleton.

Vanquished Creatures
  the Royal Jelly (Slime:5)
  7 orbs of fire (Zig:22)
  Mara (Swamp:3)
  20 ancient liches
  11 juggernauts
  3 greater mummies (Depths:4)
  15 pandemonium lords
  Sojobo (Vaults:5)
  Boris (twice) (Crypt:2 Depths:3)
  7 shard shrikes
  the Lernaean hydra (Swamp:4)
  Frederick (Crypt:1)
  Saint Roka (Crypt:1)
  8 Killer Klowns
  Xtahua (Vaults:2)
  The ghost of Norch the Brawler, a veteran TrMo of Hepliaklqana (Depths:2)
  20 golden dragons
  6 profane servitors
  Arachne (Spider:4)
  3 Brimstone Fiends
  11 bone dragons
  8 Ice Fiends
  9 iron giants
  9 tentacled monstrosities
  4 Hell Sentinels
  Jorgrun (Orc:1)
  2 hellephants (Abyss:1)
  A shard shrike skeleton (Crypt:1)
  14 deep elf blademasters
  22 liches
  15 deep elf master archers
  17 tentacled starspawn
  An acid blob (shapeshifter) (Zig:19)
  Frances (Swamp:1)
  26 titans
  An Executioner (Abyss:3)
  3 quicksilver dragons
  30 acid blobs
  11 sphinxes
  21 ancient champions
  5 thorn hunters
  12 tengu reavers
  8 shadow dragons
  A daeva (Abyss:3)
  2 azure jellies (shapeshifter)
  8 storm dragons
  21 revenants
  26 azure jellies
  A fire giant (shapeshifter) (Zig:14)
  4 draconian monks (Zig:16)
  30 fire giants
  2 frost giants (shapeshifter)
  24 nagarajas
  5 draconian knights
  4 iron dragons
  27 vault wardens
  20 ghost moths
  2 deep elf elementalists
  21 frost giants
  15 deep elf sorcerers
  12 orc warlords
  22 balrugs
  Louise (Elf:3)
  6 draconian scorchers
  A warmonger (Zig:8)
  9 juggernaut zombies
  14 curse skulls
  14 emperor scorpions
  8 draconian shifters
  6 cacodemons
  3 caustic shrike zombies
  8 ghouls
  4 draconian stormcallers
  A caustic shrike skeleton (Zig:24)
  11 reapers
  4 spriggan defenders
  3 angels
  A draconian annihilator (Zig:16)
  The ghost of Uvul the Destroyer, a journeyman OgWz of Vehumet (Lair:3)
  5 war gargoyles
  A stone giant (shapeshifter) (Vaults:5)
  2 blood saints (Zig:10)
  24 ironheart preservers
  39 stone giants
  A corrupter (Zig:27)
  A juggernaut skeleton (Zig:24)
  21 very ugly things
  20 vampire knights
  2 ophanim
  28 entropy weavers
  3 black draconians
  4 green draconians
  17 deep elf demonologists
  Azrael (Spider:1)
  23 spark wasps
  2 dire elephants
  A dire elephant (shapeshifter) (Zig:19)
  26 deep elf annihilators
  3 white draconians
  6 lorocyprocas
  A purple draconian (Zig:27)
  A minotaur (shapeshifter) (Zig:19)
  A minotaur (Gauntlet)
  5 merfolk javelineers (Zig:20)
  26 eidola
  16 deep elf death magi
  10 death oozes
  4 mummy priests
  12 blizzard demons
  27 ettins
  A crystal guardian (Zig:4)
  19 fire dragons
  11 jiangshi
  A merfolk impaler (Zig:20)
  A quicksilver dragon zombie (Crypt:2)
  26 great orbs of eyes
  12 green deaths
  27 deep elf high priests
  Josephine (Lair:4)
  A hydra (shapeshifter) (Zig:23)
  17 yaktaur captains
  An ice dragon (shapeshifter) (Zig:23)
  39 vault guards
  27 ice dragons
  17 ogre magi
  6 spriggan air magi
  12 rakshasas
  36 hydras
  A juggernaut simulacrum (Zig:13)
  4 ghost crabs
  3 quicksilver dragon skeletons
  A merfolk avatar (Zig:20)
  10 naga warriors
  10 centaur warriors
  A catoblepas (D:15)
  10 merfolk aquamancers (Zig:20)
  2 anacondas (shapeshifter)
  Erica (Lair:1)
  5 anacondas
  11 death knights
  A satyr (Zig:20)
  3 hell beasts
  27 alligators
  6 tengu warriors
  37 two-headed ogres
  14 shambling mangroves
  9 deep troll shamans
  A satyr (shapeshifter) (Zig:23)
  A queen ant (shapeshifter) (Zig:19)
  A death yak (D:14)
  38 dancing weapons
  8 deep troll earth magi
  26 vampire magi
  14 orc high priests
  An alligator (shapeshifter) (Zig:23)
  8 hell hogs
  30 thrashing horrors
  12 spriggan berserkers
  11 naga sharpshooters
  2 storm dragon zombies
  4 titan zombies
  Sonja (Lair:4)
  38 deep elf knights
  22 wretched stars
  11 shock serpents
  18 soul eaters
  A sun demon (Abyss:3)
  5 spatial maelstroms
  3 salamander mystics
  16 shadow wraiths
  A titan skeleton (Abyss:1)
  6 fire crabs (Zig:22)
  11 hell knights
  11 skeletal warriors
  An anaconda zombie (Crypt:3)
  7 sixfirhies
  An unseen horror (shapeshifter) (Depths:1)
  5 sea snakes (shapeshifter)
  4 death drakes (Zig:17)
  3 storm dragon skeletons
  5 sea snakes (Zig:20)
  15 unseen horrors
  42 deep trolls
  5 spriggan druids
  11 glowing orange brains
  25 swamp dragons
  18 iron trolls
  A death drake (shapeshifter) (Depths:2)
  4 shadow dragon zombies
  2 golden dragon zombies
  A shadow demon (Zig:8)
  An anaconda skeleton (Crypt:3)
  23 phantasmal warriors
  A lindwurm (shapeshifter) (Zig:23)
  A torturous demonspawn (Depths:2)
  A ghost moth zombie (Crypt:3)
  A wolf spider zombie (Crypt:3)
  28 flayed ghosts
  4 harpies (Vaults:3)
  A glowing orange brain (shapeshifter) (Elf:3)
  19 necromancers
  10 wizards
  8 naga ritualists
  A tengu zombie (Zig:16)
  31 deep elf archers
  2 swamp dragons (shapeshifter)
  A tengu skeleton (Zig:25)
  3 obsidian statues
  6 iron dragon zombies
  A fire giant zombie (Crypt:3)
  33 ironbrand convokers
  4 sphinx zombies
  An iron giant skeleton (Crypt:1)
  2 stone giant zombies
  A mana viper (shapeshifter) (Depths:3)
  A harpy (shapeshifter) (Zig:27)
  3 fauns (Zig:20)
  15 orc knights
  3 shadow dragon skeletons
  9 orc sorcerers
  6 shining eyes
  32 orb spiders
  7 mana vipers
  A manticore (shapeshifter) (Zig:14)
  50 wolf spiders
  A wolf spider (shapeshifter) (Zig:14)
  A faun (shapeshifter) (Vaults:5)
  102 deep elf magi
  4 oklob plants (Lair:4)
  54 ugly things
  Maurice (D:10)
  A sphinx skeleton (Zig:24)
  6 worldbinders
  8 salamanders
  2 salamanders (shapeshifter)
  A shining eye (shapeshifter) (Zig:23)
  13 elephants
  8 manticores
  8 centaur zombies
  15 cyclopes
  A cyclops (shapeshifter) (Depths:1)
  30 moths of wrath
  An elephant (shapeshifter) (Vaults:5)
  3 iron dragon skeletons
  A frost giant skeleton (Crypt:3)
  Joseph (D:7)
  A guardian serpent (shapeshifter) (Zig:12)
  48 black mambas
  6 water nymphs (Zig:20)
  2 stone giant skeletons
  3 merfolk sirens (Zig:20)
  5 rust devils
  11 apocalypse crabs
  A dire elephant zombie (Abyss:3)
  7 eyes of devastation
  A shock serpent zombie (Crypt:3)
  44 cane toads
  3 orange demons
  3 ice statues
  A water nymph (shapeshifter) (Zig:23)
  10 guardian serpents
  4 gargoyles
  26 vault sentinels
  13 torpor snails
  17 naga magi
  16 smoke demons
  A shock serpent skeleton (Crypt:3)
  A catoblepas zombie (Crypt:3)
  16 hellions
  A dire elephant skeleton (Crypt:3)
  8 rime drakes
  2 komodo dragons (shapeshifter)
  Maggie (Lair:1)
  4 kobold demonologists
  14 ice devils
  4 spriggan zombies
  A rime drake (shapeshifter) (Vaults:4)
  7 elf skeletons
  62 yaktaurs
  35 freezing wraiths
  9 komodo dragons
  5 guardian mummies
  12 ancient zymes
  5 tengu conjurers
  7 tormentors
  14 efreet
  24 demonic crawlers
  A queen bee (Lair:3)
  19 hellwings
  A queen bee (shapeshifter) (Depths:5)
  4 merfolk (Zig:20)
  16 trolls
  2 trolls (shapeshifter)
  4 meliai
  6 red devils
  2 wind drakes (shapeshifter)
  2 hydra zombies
  2 meliai (shapeshifter)
  3 wolf spider simulacra (IceCv)
  16 tyrant leeches
  50 jumping spiders
  2 jumping spiders (shapeshifter)
  A hornet (shapeshifter) (Elf:1)
  45 hornets
  5 polar bears
  A wind drake (Zig:20)
  A shadow dragon simulacrum (Crypt:2)
  8 dream sheep
  28 raiju
  8 bog bodies
  31 blink frogs
  120 slime creatures
  6 snapping turtles (Zig:20)
  A harpy skeleton (Abyss:1)
  2 hippogriffs (shapeshifter)
  8 hippogriffs
  2 alligator zombies
  A frost giant simulacrum (Abyss:2)
  A snapping turtle (shapeshifter) (Elf:1)
  77 redbacks
  An ettin zombie (Crypt:3)
  Sigmund (D:2)
  3 redbacks (shapeshifter)
  18 flying skulls
  3 ushabtiu
  A black mamba zombie (Crypt:3)
  6 air elementals
  51 tarantellas
  25 wraiths
  2 tarantellas (shapeshifter)
  6 fire bats
  15 spriggans
  3 vampires
  15 water elementals
  5 shadows
  2 ettin skeletons
  55 starcursed masses
  49 yaks
  5 wyverns
  61 large abominations
  A human (shapeshifter) (Zig:19)
  2 basilisks
  A basilisk (shapeshifter) (Abyss:3)
  7 elf zombies
  13 ynoxinuls
  11 fire elementals
  21 golden eyes
  14 neqoxecs
  12 chaos spawn
  19 small abominations
  29 vampire mosquitoes
  Menkaure (D:4)
  17 wargs
  A death yak simulacrum (IceCv)
  14 insubstantial wisps
  4 soldier ants
  17 swamp worms
  Duvessa (D:7)
  19 nagas
  A water moccasin (shapeshifter) (Zig:24)
  A torturous demonspawn skeleton (Crypt:2)
  A porcupine (shapeshifter) (Vaults:5)
  A cane toad zombie (Crypt:3)
  A floating eye (shapeshifter) (Zig:23)
  22 hell hounds
  16 water moccasins
  A glowing shapeshifter zombie (Crypt:1)
  An infernal demonspawn skeleton (Abyss:2)
  6 porcupines
  A soldier ant (shapeshifter) (Vaults:5)
  12 floating eyes
  A hydra simulacrum (Crypt:2)
  83 orc warriors
  2 hornet zombies
  2 black bears
  A cane toad skeleton (Crypt:2)
  3 phantoms
  5 sky beasts
  17 ice beasts
  24 swamp drakes
  An ettin simulacrum (Abyss:3)
  24 eyes of draining
  58 ogres
  5 necrophages
  10 wolves
  An eye of draining (shapeshifter) (Vaults:4)
  A snapping turtle skeleton (Crypt:3)
  4 boggarts
  14 crocodiles
  A dream sheep skeleton (Crypt:1)
  46 centaurs
  3 big kobolds
  An elf simulacrum (Zig:27)
  A wyvern zombie (D:9)
  29 bullfrogs
  9 earth elementals
  Dowan (D:7)
  A glowing shapeshifter simulacrum (Zig:13)
  A human simulacrum (Vaults:1)
  A water moccasin zombie (D:10)
  6 scorpions
  7 wyvern skeletons
  A troll zombie (Crypt:3)
  A raiju zombie (Crypt:2)
  12 killer bees
  4 howler monkeys
  8 spriggan skeletons
  23 wights
  2 electric eels (Lair:6)
  A vampire bat (D:15)
  A crimson imp (Abyss:3)
  4 bullfrog zombies
  3 quasits
  2 draconian simulacra (IceCv)
  11 centaur skeletons
  5 jellies
  13 orc priests
  8 hounds
  2 iron imps
  A gnoll shaman (Zig:15)
  7 iguanas
  Natasha (thrice) (D:4)
  21 orc wizards
  14 worker ants
  4 spriggan simulacra
  5 troll simulacra (IceCv)
  7 centaur simulacra
  A demigod zombie (Crypt:2)
  A naga skeleton (Crypt:3)
  3 hound skeletons
  6 mummies
  3 worker ant zombies
  Robin (D:3)
  5 gnolls
  2 ogre simulacra (IceCv)
  14 adders
  4 naga simulacra (IceCv)
  A swamp drake skeleton (Crypt:1)
  7 shadow imps
  31 white imps
  7 ufetubi
  13 oozes
  2 worms (D:2)
  7 ball lightnings (Zig:10)
  4 dart slugs
  10 leopard geckos
  78 orcs
  15 bats
  5 giant cockroaches
  2 gnoll zombies (D:3)
  17 goblins
  12 hobgoblins
  8 jackals
  24 kobolds
  8 quokkas
  5 ball pythons
  3 frilled lizards
  A gnoll skeleton (Crypt:1)
  A hobgoblin zombie (Crypt:2)
  2 kobold skeletons
  A kobold zombie (Crypt:3)
  A leopard gecko skeleton (D:4)
  A quokka skeleton (D:9)
  5 rats
  28 briar patches (Zig:17)
  5 crawling corpses (Vaults:5)
  111 fire vortices
  A lurking horror (Abyss:2)
  3 plants (Zig:12)
  10 starspawn tentacles
4974 creatures vanquished.

Vanquished Creatures (collateral kills)
  A pandemonium lord (Zig:10)
  A lich (Zig:24)
  A titan (Zig:23)
  2 acid blobs
  A nagaraja (Zig:20)
  An azure jelly (Slime:5)
  2 caustic shrike zombies
  A great orb of eyes (Zig:9)
  A naga warrior (Zig:20)
  A shadow dragon zombie (Zig:24)
  A shining eye (Depths:2)
  A smoke demon (Zig:11)
  A hellion (Zig:25)
  A yaktaur (Depths:5)
  An ancient zyme (Zig:27)
  A hornet (shapeshifter) (Zig:19)
  2 slime creatures
  A redback (Zig:21)
  A golden eye (shapeshifter) (Zig:14)
  2 necrophages (D:11)
24 creatures vanquished.

Vanquished Creatures (others)
  A balrug (Zig:10)
  A death drake (Zig:17)
  A tengu conjurer (Depths:3)
  A hornet (Zig:17)
  A spriggan (Swamp:2)
  A golden eye (Abyss:3)
  An insubstantial wisp (Swamp:2)
  An orc (Vaults:5)
  229 fire vortices
  56 fungi
  A lurking horror (Abyss:3)
  148 plants
  13 starspawn tentacles
  19 withered plants (Crypt:3)
474 creatures vanquished.

Grand Total: 5472 creatures vanquished

Notes
Turn   | Place    | Note
-------+----------+-------------------------------------------
     0 | D:1      | Hores the Gargoyle Earth Elementalist began the quest for
                  | the Orb.
     0 | D:1      | Reached XP level 1. HP: 10/10 MP: 3/3
   136 | D:1      | Reached XP level 2. HP: 13/15 MP: 0/5
   933 | D:1      | Reached XP level 3. HP: 17/19 MP: 6/6
   960 | D:1      | Learned a level 3 spell: Stone Arrow
  1619 | D:2      | Reached skill level 1 in Conjurations
  1619 | D:2      | Reached XP level 4. HP: 16/24 MP: 1/8
  2240 | D:2      | Found a shimmering altar of Xom.
  2302 | D:2      | Noticed Sigmund
  2320 | D:2      | Killed Sigmund
  2320 | D:2      | Reached skill level 5 in Earth Magic
  2320 | D:2      | Reached XP level 5. HP: 20/28 MP: 0/10
  2320 | D:2      | Reached XP level 6. HP: 23/32 MP: 0/11
  2327 | D:2      | Learned a level 5 spell: Lee's Rapid Deconstruction
  3323 | D:3      | Noticed Robin
  3381 | D:3      | Killed Robin
  3392 | D:3      | Reached XP level 7. HP: 20/36 MP: 13/13
  3735 | D:3      | Found a sparkling altar of Nemelex Xobeh.
  4023 | D:3      | Found a basalt altar of Yredelemnul.
  4167 | D:4      | Found a snail-covered altar of Cheibriados.
  4338 | D:4      | Noticed Natasha
  4343 | D:4      | Killed Natasha
  4468 | D:4      | Found a staircase to the Ecumenical Temple.
  4475 | Temple   | Entered the Ecumenical Temple
  4522 | D:4      | Noticed Natasha
  4532 | D:4      | Killed Natasha
  4544 | D:4      | Noticed Menkaure
  4551 | D:4      | Killed Menkaure
  4637 | D:4      | Noticed Natasha
  4648 | D:4      | Killed Natasha
  4653 | D:4      | Reached skill level 5 in Spellcasting
  5015 | D:5      | Entered Level 5 of the Dungeon
  5181 | D:5      | Found a hazy altar of Hepliaklqana.
  5310 | D:5      | Found a hazy altar of Hepliaklqana.
  5350 | D:5      | Reached XP level 8. HP: 41/41 MP: 15/15
  5449 | D:5      | Reached skill level 5 in Conjurations
  5481 | D:5      | Found an ancient bone altar of Kikubaaqudgha.
  5483 | D:5      | Found a shimmering blue altar of Sif Muna.
  5485 | D:5      | Found a radiant altar of Vehumet.
  5489 | D:5      | Identified Vehumet's Collected Works on Battle Magic
  5492 | D:5      | Became a worshipper of Vehumet
  5911 | D:6      | Found an ornate altar of the Wu Jian Council.
  5932 | D:6      | Found a shimmering altar of Xom.
  5933 | D:6      | Found a shimmering altar of Xom.
  5935 | D:6      | Found a shimmering altar of Xom.
  6681 | D:7      | Reached skill level 1 in Fighting
  6690 | D:7      | Reached skill level 1 in Armour
  6700 | D:7      | Gained mutation: You tend to lose your temper in combat.
                  | [potion of mutation]
  6700 | D:7      | Gained mutation: Your muscles are strong. (Str +2) [potion
                  | of mutation]
  6700 | D:7      | Gained mutation: You have a somewhat thin skeletal
                  | structure. (Dex +2, Stealth) [potion of mutation]
  6700 | D:7      | Gained mutation: You have sharp toenails. [potion of
                  | mutation]
  6724 | D:7      | Reached skill level 1 in Maces & Flails
  6781 | D:7      | Reached skill level 1 in Evocations
  6824 | D:7      | Got a translucent spear
  6825 | D:7      | Identified the +6 spear of Experimentation {antimagic,
                  | +Rage rF+ MR-} (You found it on level 7 of the Dungeon)
  6932 | D:7      | Noticed a hippogriff
  6959 | D:7      | Killed a hippogriff
  7232 | D:7      | Noticed Joseph
  7241 | D:7      | Killed Joseph
  7241 | D:7      | Reached XP level 9. HP: 21/49 MP: 17/17
  7465 | D:7      | Noticed Duvessa
  7470 | D:7      | Killed Duvessa
  7471 | D:7      | Noticed Dowan
  7476 | D:7      | Killed Dowan
  7476 | D:7      | Reached * piety under Vehumet
  7476 | D:7      | Offered knowledge of Shock by Vehumet.
  8499 | D:8      | Reached ** piety under Vehumet
  8542 | D:8      | Offered knowledge of Foxfire by Vehumet.
  8859 | D:8      | Reached XP level 10. HP: 51/56 MP: 19/19
  9462 | D:8      | Found a staircase to the Lair.
  9505 | D:9      | Found a blossoming altar of Fedhas.
  9523 | D:9      | Found a shattered altar of Ashenzari.
  9667 | D:9      | Found a shadowy altar of Dithmenos.
  9678 | D:9      | Offered knowledge of Static Discharge by Vehumet.
  9853 | D:9      | Found an opulent altar of Gozag.
 10064 | D:9      | Noticed a manticore
 10066 | D:9      | Killed a manticore
 10173 | D:9      | Identified the amulet "Fyllood" {Reflect +Inv rC+ Dex+9
                  | SH+5}
 10253 | D:9      | Noticed a stone giant
 10298 | D:9      | Reached *** piety under Vehumet
 10362 | D:9      | Killed a stone giant
 10362 | D:9      | Reached skill level 5 in Fighting
 10362 | D:9      | Reached skill level 5 in Armour
 10400 | D:9      | Identified the ring of Fragile Peace {rPois rF+ Str-4
                  | Dex+4}
 10400 | D:9      | Noticed a deep elf mage
 10402 | D:9      | Killed a deep elf mage
 10402 | D:9      | Reached XP level 11. HP: 39/64 MP: 17/21
 10411 | D:9      | Noticed a purple ugly thing
 10416 | D:9      | Killed a purple ugly thing
 10913 | D:9      | Offered knowledge of Dazzling Flash by Vehumet.
 11189 | D:9      | Reached skill level 5 in Maces & Flails
 11391 | D:10     | Entered Level 10 of the Dungeon
 11406 | D:10     | Noticed Maurice
 11419 | D:10     | Killed Maurice
 11818 | D:10     | Found an opulent altar of Gozag.
 11865 | D:10     | Found a staircase to the Orcish Mines.
 12013 | D:10     | Noticed a two-headed ogre
 12017 | D:10     | Killed a two-headed ogre
 12170 | D:10     | Reached skill level 10 in Earth Magic
 12178 | D:10     | Reached **** piety under Vehumet
 12209 | D:10     | Reached skill level 5 in Evocations
 12533 | D:10     | Found Qozawyub's Antique Weapon Shop.
 12627 | D:10     | Reached skill level 5 in Dodging
 12970 | D:11     | Killed an unseen horror
 12997 | D:11     | Reached XP level 12. HP: 68/71 MP: 23/23
 13000 | D:11     | Offered knowledge of Inner Flame by Vehumet.
 13217 | D:11     | Reached ***** piety under Vehumet
 13242 | D:11     | Offered knowledge of Freezing Cloud by Vehumet.
 13472 | D:11     | Got an ichor-stained whip
 13487 | D:11     | Identified the +9 whip "Uravo" {vorpal, +Fly rPois MP+9
                  | Int-5} (You found it on level 11 of the Dungeon)
 13940 | D:11     | Found Dehellom's Jewellery Shop.
 14116 | D:12     | Noticed a six-headed hydra
 14120 | D:12     | Killed a six-headed hydra
 14570 | D:12     | Got a twitching steel ring
 14572 | D:12     | Identified the ring "Jisecvecuq" {+Fly rElec Str+3 Dex+2}
                  | (You found it on level 12 of the Dungeon)
 14878 | D:12     | Noticed a four-headed hydra
 14883 | D:12     | Killed a four-headed hydra
 14961 | D:12     | Noticed a two-headed ogre
 14968 | D:12     | Killed a two-headed ogre
 15191 | D:12     | Reached XP level 13. HP: 63/78 MP: 5/25
 15695 | D:13     | Found Galinobe's Antique Armour Emporium.
 15764 | D:13     | Found Rooreoli's Jewellery Shop.
 15766 | D:13     | Found a frozen archway.
 15771 | IceCv    | Entered an ice cave
 15809 | IceCv    | Learned a level 2 spell: Blink
 15941 | IceCv    | Offered knowledge of Bolt of Magma by Vehumet.
 16304 | IceCv    | Found an ancient bone altar of Kikubaaqudgha.
 16336 | IceCv    | Reached skill level 10 in Conjurations
 16776 | IceCv    | Got a pitted hat
 16787 | IceCv    | Identified the cursed +0 hat of the Vanishing People {-Tele
                  | *Slow MR+ Slay+5} (You found it in an ice cave)
 17621 | D:12     | Learned a level 5 spell: Bolt of Magma
 17907 | D:12     | Reached skill level 1 in Fire Magic
 18701 | D:13     | Found Vinem's Magic Scroll Shoppe.
 18789 | D:13     | Found Goutzem's General Store.
 18851 | D:13     | Bought a scroll of identify for 28 gold pieces
 18851 | D:13     | Bought a scroll of blinking for 105 gold pieces
 18851 | D:13     | Bought a potion of curing for 42 gold pieces
 19073 | D:13     | Found Caedihuj's Assorted Antiques.
 19076 | D:13     | Bought a scroll of blinking for 210 gold pieces
 19130 | D:14     | Gained mutation: Your large and strong wings let you fly
                  | indefinitely. [Gargoyle growth]
 19130 | D:14     | Reached XP level 14. HP: 77/86 MP: 27/27
 20077 | D:14     | Lost mutation: Your muscles are strong. (Str +2) [potion of
                  | mutation]
 20077 | D:14     | Lost mutation: You have sharp toenails. [potion of
                  | mutation]
 20077 | D:14     | Gained mutation: You are robust. (+10% HP) [potion of
                  | mutation]
 20077 | D:14     | Gained mutation: You are surrounded by a mild repulsion
                  | field. (EV +2) [potion of mutation]
 20077 | D:14     | Lost mutation: You tend to lose your temper in combat.
                  | [potion of mutation]
 20178 | D:14     | Found a sparkling altar of Nemelex Xobeh.
 20306 | D:14     | Identified the +2 falchion "Tiodi" {holy, Int+3}
 20354 | D:14     | Reached skill level 5 in Fire Magic
 20762 | D:14     | Identified a scroll of acquirement
 20762 | D:14     | Acquired the ring of Neagur {AC+4 Str+2 Int+3}
 20781 | D:14     | Found a gate to the Vaults.
 20842 | D:14     | Offered knowledge of Orb of Destruction by Vehumet.
 21073 | D:14     | Learned a level 7 spell: Orb of Destruction
 21363 | Lair:1   | Entered Level 1 of the Lair of Beasts
 21411 | Lair:1   | Found a sparkling altar of Nemelex Xobeh.
 21680 | Lair:1   | Got an ancient bone ring
 21681 | Lair:1   | Identified the ring of Vemul {rC+ Int+5 Stlth+} (You found
                  | it on level 1 of the Lair of Beasts)
 21914 | Lair:1   | Noticed Maggie
 21932 | Lair:1   | Killed Maggie
 22054 | Lair:1   | Noticed Erica
 22060 | Lair:1   | Killed Erica
 22368 | Lair:2   | Upgraded the game from 0.26-a0-602-gd42a14c23b to
                  | 0.26-a0-606-g3c8f2f65f7
 22769 | Lair:2   | Reached skill level 10 in Fighting
 23178 | Lair:3   | Reached skill level 10 in Spellcasting
 23200 | Lair:3   | Noticed Uvul's ghost (journeyman OgWz)
 23213 | Lair:3   | Offered knowledge of Starburst by Vehumet.
 23213 | Lair:3   | Reached XP level 15. HP: 89/101 MP: 6/29
 23420 | Lair:3   | Found a dark tunnel.
 23430 | Volcano  | Entered a volcano
 23478 | Volcano  | Found a bloodstained altar of Trog.
 24854 | Lair:3   | Found a transporter.
 24855 | Lair:3   | Found a transporter.
 24962 | Lair:3   | Found a snail-covered altar of Cheibriados.
 25253 | Lair:3   | Found a staircase to the Swamp.
 25597 | Lair:3   | Killed Uvul's ghost
 25723 | Lair:3   | Identified Paofeabu's Grimoire of Feathers and Stolen Souls
 25796 | Lair:4   | Noticed Sonja
 25799 | Lair:4   | Killed Sonja
 26125 | Lair:4   | Acquired a +1 demon whip of pain
 26369 | D:13     | Bought a scroll of brand weapon for 360 gold pieces
 26646 | Lair:4   | Noticed Josephine
 26653 | Lair:4   | Killed Josephine
 26891 | Lair:4   | Found a hole to the Spider Nest.
 27398 | Lair:5   | Offered knowledge of Fireball by Vehumet.
 27426 | Lair:5   | Learned a level 5 spell: Fireball
 28055 | Lair:5   | Found a runed translucent door.
 28059 | Lair:5   | Found a viscous altar of Jiyva.
 28060 | Lair:5   | Found a staircase to the Slime Pits.
 28131 | Lair:6   | Entered Level 6 of the Lair of Beasts
 28395 | Lair:5   | Reached ****** piety under Vehumet
 28665 | Lair:6   | Reached XP level 16. HP: 108/108 MP: 30/30
 28785 | Lair:6   | Reached skill level 10 in Maces & Flails
 29294 | Lair:6   | Offered knowledge of Iron Shot by Vehumet.
 29305 | Lair:6   | Learned a level 6 spell: Iron Shot
 30404 | Orc:1    | Entered Level 1 of the Orcish Mines
 30460 | Orc:1    | Found a roughly hewn altar of Beogh.
 30515 | Orc:2    | Entered Level 2 of the Orcish Mines
 30515 | Orc:2    | Found a gate leading to a gauntlet.
 30556 | Gauntlet | Entered a Gauntlet
 30556 | Gauntlet | Found a transporter.
 30588 | Gauntlet | Found a transporter.
 30590 | Gauntlet | Found a transporter.
 30597 | Gauntlet | Found a runed translucent door.
 30600 | Gauntlet | Found a transporter.
 30608 | Gauntlet | Found a transporter.
 30630 | Gauntlet | Found a transporter.
 30640 | Gauntlet | Found a transporter.
 30650 | Gauntlet | Found a transporter.
 30652 | Gauntlet | Found a runed translucent door.
 30666 | Gauntlet | Found a runed translucent door.
 30670 | Gauntlet | Found a transporter.
 30685 | Gauntlet | Found a transporter.
 30685 | Gauntlet | Found a transporter.
 30744 | Gauntlet | Found a runed translucent door.
 30748 | Gauntlet | Found a runed translucent door.
 30750 | Gauntlet | Found a transporter.
 30753 | Gauntlet | Found a transporter.
 30758 | Gauntlet | Found a transporter.
 31084 | Gauntlet | Identified the cursed +0 hat "Waaco" {Str-3 Int+5} (You
                  | found it in a Gauntlet)
 31123 | Gauntlet | Identified the ring of Xom's Wantonness {rC+ rN+ Int-5
                  | Dex+3}
 31158 | Gauntlet | Got a transparent ruby amulet
 31178 | Orc:2    | Found a staircase to the Elven Halls.
 31479 | Orc:2    | Found Baychuxe's Weapon Emporium.
 31479 | Orc:2    | Found Gedaach's Weapon Boutique.
 31481 | Orc:2    | Found Peidd's Distillery.
 31483 | Orc:2    | Found Laplyn's Jewellery Shoppe.
 31495 | Orc:2    | Bought a potion of ambrosia for 128 gold pieces
 31495 | Orc:2    | Bought 2 potions of curing for 96 gold pieces
 31495 | Orc:2    | Bought a potion of haste for 160 gold pieces
 31495 | Orc:2    | Bought a potion of ambrosia for 128 gold pieces
 32325 | Orc:1    | Noticed Jorgrun
 32332 | Orc:1    | Killed Jorgrun
 32332 | Orc:1    | Reached skill level 10 in Fire Magic
 32816 | D:15     | Entered Level 15 of the Dungeon
 32819 | D:15     | Found a staircase to the Depths.
 32923 | D:15     | Got a masterwork helmet
 33015 | D:15     | Identified the +0 helmet of the Untouchables {Rampage} (You
                  | found it on level 15 of the Dungeon)
 33054 | D:15     | Offered knowledge of Lehudib's Crystal Spear by Vehumet.
 33141 | D:15     | Found a portal to a secret trove of treasure.
 34252 | D:13     | Bought a scroll of identify for 36 gold pieces
 34252 | D:13     | Bought a scroll of identify for 36 gold pieces
 34252 | D:13     | Bought a scroll of identify for 36 gold pieces
 34267 | D:13     | Bought a scroll of identify for 56 gold pieces
 34267 | D:13     | Bought a scroll of enchant weapon for 210 gold pieces
 34267 | D:13     | Bought a potion of haste for 280 gold pieces
 34267 | D:13     | Bought a scroll of identify for 56 gold pieces
 34270 | D:13     | Identified the amulet "Coroysch" {Spirit rPois} (You found
                  | it in a Gauntlet)
 34337 | D:15     | Learned a level 8 spell: Lehudib's Crystal Spear
 34343 | Depths:1 | Entered Level 1 of the Depths
 34350 | Depths:1 | Reached XP level 17. HP: 115/115 MP: 15/32
 34604 | Spider:1 | Entered Level 1 of the Spider Nest
 34755 | Spider:1 | Noticed Azrael
 34759 | Spider:1 | Killed Azrael
 36364 | Spider:2 | Offered knowledge of Fire Storm by Vehumet.
 36364 | Spider:2 | Offered knowledge of Ignition by Vehumet.
 36364 | Spider:2 | Offered knowledge of Absolute Zero by Vehumet.
 37160 | Spider:2 | Learned a level 8 spell: Ignition
 38014 | Swamp:1  | Entered Level 1 of the Swamp
 38194 | Swamp:1  | Noticed Frances
 38202 | Swamp:1  | Killed Frances
 39204 | Swamp:2  | Found a shimmering altar of Xom.
 39659 | Swamp:2  | Reached XP level 18. HP: 91/123 MP: 16/33
 40737 | Swamp:3  | Noticed Mara
 40978 | Elf:1    | Entered Level 1 of the Elven Halls
 41052 | Elf:1    | Reached skill level 15 in Fire Magic
 41135 | Elf:1    | Found Bemup's Antique Armour Shop.
 41498 | Elf:1    | Identified the Volume of Creative Attacks
 41766 | Elf:1    | Found an ancient bone altar of Kikubaaqudgha.
 42822 | Elf:2    | Reached XP level 19. HP: 127/127 MP: 12/34
 43341 | Elf:2    | Found a huge runed translucent gate.
 43341 | Elf:2    | Found a huge runed translucent gate.
 43346 | Elf:2    | Found a huge runed translucent gate.
 43347 | Elf:2    | Found a huge runed translucent gate.
 43347 | Elf:2    | Found a huge runed translucent gate.
 43394 | Elf:2    | Found Cemeisho's Magic Scroll Emporium.
 43414 | Elf:2    | Bought a scroll of blinking for 135 gold pieces
 43414 | Elf:2    | Bought a scroll of identify for 36 gold pieces
 43572 | Elf:3    | Entered Level 3 of the Elven Halls
 43672 | Elf:3    | Cast into level 2 of the Abyss (a deep elf sorcerer)
 43968 | Abyss:2  | Paralysed by you for 5 turns
 44420 | Elf:3    | Escaped the Abyss
 44423 | Elf:3    | Reached skill level 10 in Dodging
 44425 | Elf:3    | Reached skill level 15 in Earth Magic
 45444 | Elf:3    | Noticed Louise
 45476 | Elf:3    | Killed Louise
 46015 | Elf:3    | Reached XP level 20. HP: 118/136 MP: 10/36
 46189 | Elf:3    | Cast into level 3 of the Abyss (a deep elf sorcerer)
 46343 | Abyss:3  | Found a corrupted altar of Lugonu.
 46448 | Elf:3    | Escaped the Abyss
 46887 | Elf:3    | Got an ichor-stained morningstar
 46890 | Elf:3    | Identified the +6 morningstar of Integrity {drain, *Noise
                  | rN+ Int+4} (You found it on level 3 of the Elven Halls)
 46894 | Elf:3    | Acquired a scarf of resistance
 47076 | Elf:3    | Identified the Catalogue of Destructive Lightness
 47100 | Elf:3    | Identified Sif Muna's Almanac of Love and Death
 48085 | Spider:4 | Entered Level 4 of the Spider Nest
 48571 | Spider:4 | Noticed Arachne
 48579 | Spider:4 | Killed Arachne
 48980 | Spider:4 | Got a gossamer rune of Zot
 50011 | Vaults:1 | Entered Level 1 of the Vaults
 50454 | Vaults:1 | Identified the +2 robe "Vesag" {*Corrode rF+ rN+ MP+9} (You
                  | found it on level 1 of the Vaults)
 50527 | Vaults:1 | Reached XP level 21. HP: 143/143 MP: 37/37
 50607 | Vaults:1 | Paralysed by a great orb of eyes for 5 turns
 51973 | Vaults:2 | Noticed Xtahua
 51980 | Vaults:2 | Killed Xtahua
 52381 | Vaults:2 | Found Tucsu's Antique Armour Shop.
 52389 | Vaults:2 | Bought a pair of shimmering gloves for 361 gold pieces
 52389 | Vaults:2 | Identified the cursed +0 pair of gloves of Sin {*Corrode
                  | +Blink rElec rN+} (You bought it in a shop on level 2 of
                  | the Vaults)
 52929 | Vaults:2 | Identified the cursed +1 robe "Tasar" {Dex+3}
 52970 | Vaults:2 | Found a radiant altar of Vehumet.
 52987 | Vaults:2 | Got a shimmering hat
 52993 | Vaults:2 | Identified the +1 hat of Absence {rF+} (You found it on
                  | level 2 of the Vaults)
 53013 | Vaults:2 | Got a pitted hat
 53019 | Vaults:2 | Identified the +2 hat of Sif Muna's Supremacy {SInv} (You
                  | found it on level 2 of the Vaults)
 53024 | Vaults:2 | Identified the +1 robe of Spring {Rampage MR+ rCorr Int-2}
                  | (You found it on level 2 of the Vaults)
 53779 | Vaults:3 | Reached XP level 22. HP: 141/150 MP: 39/39
 54345 | Vaults:3 | Reached skill level 15 in Conjurations
 54661 | Vaults:3 | Found a staircase to the Crypt.
 56107 | Vaults:4 | Found Jiev's Distillery.
 56113 | Vaults:4 | Bought a potion of heal wounds for 75 gold pieces
 56113 | Vaults:4 | Bought a potion of haste for 150 gold pieces
 56113 | Vaults:4 | Bought a potion of curing for 45 gold pieces
 56113 | Vaults:4 | Bought a potion of heal wounds for 75 gold pieces
 56113 | Vaults:4 | Bought a potion of curing for 45 gold pieces
 56113 | Vaults:4 | Bought a potion of haste for 150 gold pieces
 56113 | Vaults:4 | Bought a potion of brilliance for 60 gold pieces
 56113 | Vaults:4 | Bought a potion of cancellation for 120 gold pieces
 56113 | Vaults:4 | Bought a potion of brilliance for 60 gold pieces
 56751 | Vaults:5 | Entered Level 5 of the Vaults
 56755 | Vaults:5 | Noticed an ancient lich
 56759 | Vaults:4 | Reached XP level 23. HP: 157/157 MP: 28/40
 56814 | Vaults:4 | Learned a level 9 spell: Fire Storm
 57927 | Swamp:3  | Killed Mara
 58190 | Swamp:4  | Entered Level 4 of the Swamp
 58358 | Swamp:4  | Noticed the 27-headed Lernaean hydra
 58362 | Swamp:4  | Killed the 27-headed Lernaean hydra
 58372 | Swamp:4  | Got a decaying rune of Zot
 59376 | D:8      | Learned a level 9 spell: Shatter
 59624 | Crypt:1  | Entered Level 1 of the Crypt
 59624 | Crypt:1  | Noticed Saint Roka
 59628 | Crypt:1  | Killed Saint Roka
 59673 | Crypt:1  | Noticed Frederick
 59678 | Crypt:1  | Killed Frederick
 60026 | Crypt:1  | Reached skill level 15 in Fighting
 60057 | Crypt:1  | Got a slimy platinum amulet
 60058 | Crypt:1  | Identified the amulet "Puj Wuxziova" {Acrobat MR+} (You
                  | found it on level 1 of the Crypt)
 60719 | Crypt:1  | Found an ancient bone altar of Kikubaaqudgha.
 61486 | Crypt:2  | Noticed Boris
 61490 | Crypt:2  | Killed Boris
 61490 | Crypt:2  | Reached XP level 24. HP: 166/166 MP: 29/41
 62315 | Crypt:3  | Entered Level 3 of the Crypt
 62807 | Crypt:3  | Found the cursed necklace of Bloodlust {*Rage +Rage MR++
                  | Int-3 Slay+6 *Curse}
 63614 | Crypt:3  | Found a staircase to the Tomb.
 63738 | Crypt:3  | Found an ancient bone altar of Kikubaaqudgha.
 64095 | Crypt:3  | Identified the +9 scythe "Dragonslayer" {drain, rF+ MR+
                  | Dex+6}
 64344 | Crypt:3  | Identified the +6 great mace "Eraaggo" {vorpal, rPois Int-5
                  | Dex+4}
 64432 | Crypt:3  | Noticed an ancient lich
 64437 | Crypt:3  | Killed an ancient lich
 64448 | Crypt:3  | Identified Khufu's Compendium of Evil Rituals
 66058 | Vaults:5 | Noticed Sojobo
 66063 | Vaults:5 | Killed an ancient lich
 66064 | Vaults:5 | Killed Sojobo
 66064 | Vaults:5 | Reached skill level 10 in Evocations
 66286 | Vaults:5 | Reached XP level 25. HP: 122/171 MP: 37/41
 66523 | Vaults:5 | Reached skill level 15 in Maces & Flails
 67327 | Vaults:5 | Got a translucent ivory ring
 67328 | Vaults:5 | Identified the ring of Adourgh {Ice Str+4 Dex+2 Stlth+}
                  | (You found it on level 5 of the Vaults)
 67347 | Vaults:5 | Identified the cursed +1 robe of Hairiness {MR+ Dex+4} (You
                  | found it on level 5 of the Vaults)
 67462 | Vaults:5 | Noticed an ancient lich
 67465 | Vaults:5 | Killed an ancient lich
 67614 | Vaults:5 | Identified the +11 morningstar of Ziut Poi {vamp, rPois
                  | Int+5}
 67673 | Vaults:5 | Got a silver rune of Zot
 67848 | Vaults:5 | Acquired 870 gold pieces
 68562 | Depths:1 | Identified the cursed +0 rapier of Suxkifi {holy, *Corrode
                  | rF+ Str+3 Dex+4}
 68732 | Depths:1 | Reached XP level 26. HP: 128/180 MP: 31/41
 68783 | Depths:1 | Found a one-way gate to the infinite horrors of the Abyss.
 69118 | Depths:1 | Found a gateway to Hell.
 69700 | Depths:2 | Found a one-way gate leading to the halls of Pandemonium.
 69784 | Depths:2 | Found a transporter.
 69807 | Depths:2 | Reached skill level 15 in Spellcasting
 69857 | Depths:2 | Found a transporter.
 69860 | Depths:2 | Identified the ring "Qiewes" {rN+ Stlth+}
 69911 | Depths:2 | Noticed Norch's ghost (veteran TrMo)
 69911 | Depths:2 | Found an opulent altar of Gozag.
 69911 | Depths:2 | Found Hariad's Assorted Antiques.
 69912 | Depths:2 | Found Ced Epp's Assorted Antiques.
 69926 | Depths:2 | Killed Norch's ghost
 70046 | Depths:2 | Found a runed translucent gate.
 70046 | Depths:2 | Found a runed translucent gate.
 70046 | Depths:2 | Found a runed translucent gate.
 70059 | Depths:2 | Bought a scroll of identify for 88 gold pieces
 70059 | Depths:2 | Bought a potion of invisibility for 352 gold pieces
 70181 | Depths:2 | Bought a scroll of identify for 74 gold pieces
 70647 | Depths:2 | Found a gateway to a ziggurat.
 70976 | Depths:2 | Identified the Almanac of Battle Magic
 70979 | Depths:2 | Identified the +2 pair of gloves of Yxot {MR+} (You found
                  | it on level 2 of the Depths)
 71352 | Depths:3 | Noticed Boris
 71357 | Depths:3 | Killed Boris
 71818 | Depths:3 | Found a glowing golden altar of the Shining One.
 71819 | Depths:3 | Found a shattered altar of Ashenzari.
 71819 | Depths:3 | Found a sparkling altar of Nemelex Xobeh.
 71876 | Depths:3 | Reached XP level 27. HP: 133/188 MP: 11/42
 72310 | Depths:3 | Noticed an ancient lich
 72311 | Depths:3 | Killed an ancient lich
 72431 | Depths:3 | Identified the +1 dire flail "Itixiem" {flame, Fragile rN+
                  | Str+3} (You found it on level 3 of the Depths)
 73463 | Depths:4 | Noticed a greater mummy
 73471 | Depths:4 | Killed a greater mummy
 73789 | Depths:4 | Noticed a greater mummy
 73795 | Depths:4 | Killed a greater mummy
 73825 | Depths:4 | Noticed a greater mummy
 73831 | Depths:4 | Killed a greater mummy
 74003 | Depths:4 | Found the +7 sceptre of Torment {pain, torment}
 74268 | Depths:4 | Found Pil Xam's Jewellery Boutique.
 74269 | Depths:4 | Found Hieleli's Gadget Emporium.
 74270 | Depths:4 | Found Paerph's Jewellery Boutique.
 74292 | Depths:4 | Bought the ring "Liazibb" {+Fly rF++ MP+9 SInv} for 558
                  | gold pieces
 74664 | Depths:5 | Entered Level 5 of the Depths
 75543 | Depths:5 | Found a gate to the Realm of Zot.
 76388 | Slime:1  | Entered Level 1 of the Pits of Slime
 77900 | Slime:4  | Reached skill level 15 in Dodging
 77971 | Slime:5  | Entered Level 5 of the Pits of Slime
 78044 | Slime:5  | Found a viscous altar of Jiyva.
 78044 | Slime:5  | Noticed the Royal Jelly
 78046 | Slime:5  | Found the +8 orange crystal plate armour {Archmagi, Int+3
                  | Clar}
 78049 | Slime:5  | Killed the Royal Jelly
 78327 | Slime:5  | Identified the Compendium of Enthralling Fire
 78330 | Slime:5  | Got a slimy rune of Zot
 78393 | Slime:5  | Identified the cursed +0 hat of the Pit {-Cast rElec Str+3}
                  | (You found it on level 5 of the Pits of Slime)
 78854 | Zig:1    | Entered Level 1 of a ziggurat
 78876 | Zig:2    | Entered Level 2 of a ziggurat
 78902 | Zig:3    | Entered Level 3 of a ziggurat
 78943 | Zig:3    | Learned a level 8 spell: Necromutation
 78953 | Zig:4    | Entered Level 4 of a ziggurat
 78957 | Zig:4    | Reached skill level 1 in Transmutations
 78979 | Zig:4    | Got a pitted silver ring
 78980 | Zig:4    | Identified the ring "Xush" {Wiz *Corrode rN+ Dex+5} (You
                  | found it on level 4 of a ziggurat)
 79005 | Zig:5    | Entered Level 5 of a ziggurat
 79010 | Zig:5    | Found the ring of Shadows {Umbra +Inv Stlth+}
 79051 | Zig:6    | Entered Level 6 of a ziggurat
 79058 | Zig:6    | Reached skill level 1 in Necromancy
 79075 | Zig:6    | Identified the Collected Works on Transmutation
 79081 | Zig:7    | Entered Level 7 of a ziggurat
 79215 | Zig:8    | Entered Level 8 of a ziggurat
 79239 | Zig:8    | Noticed Wetidoebb the pandemonium lord
 79249 | Zig:8    | Killed Wetidoebb the pandemonium lord
 79383 | Zig:8    | Identified Gaic's Tome of Earthen Orientation
 79387 | Zig:8    | Identified the Papyrus of the Arsonist
 79392 | Zig:9    | Entered Level 9 of a ziggurat
 79434 | Zig:9    | Reached skill level 5 in Necromancy
 79446 | Zig:9    | Identified the +0 pair of gloves "Ewkun" {+Blink rElec MR+
                  | Dex+3} (You found it on level 9 of a ziggurat)
 79463 | Zig:10   | Entered Level 10 of a ziggurat
 79476 | Zig:10   | Noticed Xiho the pandemonium lord
 79480 | Zig:10   | Killed Xiho the pandemonium lord
 79745 | Zig:10   | Identified the Catalogue of Ashen Evil Rituals
 79762 | Zig:11   | Entered Level 11 of a ziggurat
 79775 | Zig:11   | Found the +4 Cigotuvi's embrace {rRot *Drain rN+}
 79806 | Zig:11   | Got a transparent golden amulet
 79807 | Zig:11   | Identified the amulet of the Prince {Inacc *Contam rElec
                  | rPois rN+} (You found it on level 11 of a ziggurat)
 79813 | Zig:11   | Got a wavering copper ring
 79814 | Zig:11   | Identified the ring "Horch" {rN+ MR+ Dex+6 Slay+3} (You
                  | found it on level 11 of a ziggurat)
 79824 | Zig:12   | Entered Level 12 of a ziggurat
 79834 | Zig:12   | Noticed a juggernaut
 79835 | Zig:12   | Noticed a juggernaut
 79835 | Zig:12   | Noticed a juggernaut
 79837 | Zig:12   | Killed a juggernaut
 79837 | Zig:12   | Killed a juggernaut
 79839 | Zig:12   | Killed a juggernaut
 79878 | Zig:12   | Identified the +1 robe of Fortitude {+Inv rC+ Dex-3 Stlth+}
                  | (You found it on level 12 of a ziggurat)
 79899 | Zig:13   | Entered Level 13 of a ziggurat
 79918 | Zig:13   | Reached skill level 5 in Transmutations
 80019 | Zig:14   | Entered Level 14 of a ziggurat
 80034 | Zig:14   | Noticed Vara the pandemonium lord
 80034 | Zig:14   | Noticed Mewetz the pandemonium lord
 80034 | Zig:14   | Noticed Eseituohu the pandemonium lord
 80035 | Zig:14   | Noticed Oluy the pandemonium lord
 80035 | Zig:14   | Noticed Dezinop the pandemonium lord
 80036 | Zig:14   | Noticed Yngi the pandemonium lord
 80037 | Zig:14   | Killed Dezinop the pandemonium lord
 80037 | Zig:14   | Killed Mewetz the pandemonium lord
 80045 | Zig:14   | Killed Oluy the pandemonium lord
 80045 | Zig:14   | Killed Yngi the pandemonium lord
 80049 | Zig:14   | Killed Eseituohu the pandemonium lord
 80051 | Zig:14   | Killed Vara the pandemonium lord
 80072 | Zig:14   | Noticed Ezxeomit the pandemonium lord
 80097 | Zig:14   | Killed Ezxeomit the pandemonium lord
 80361 | Zig:14   | Identified the Guide on Slavery
 80363 | Zig:14   | Identified the Disquisition on Stones and Ice
 80367 | Zig:14   | Got a twitching iron amulet
 80368 | Zig:14   | Identified the amulet "Rooxaf" {Acrobat +Inv rElec Str+3}
                  | (You found it on level 14 of a ziggurat)
 80387 | Zig:15   | Entered Level 15 of a ziggurat
 80413 | Zig:15   | Reached skill level 10 in Necromancy
 80461 | Zig:15   | Identified the Catalogue of Attacks
 80508 | Zig:16   | Entered Level 16 of a ziggurat
 80529 | Zig:16   | Found the ring of the Octopus King
 80887 | Zig:16   | Got a translucent wooden ring
 80888 | Zig:16   | Identified the ring "Hexoerah" {rN+ Int+4} (You found it on
                  | level 16 of a ziggurat)
 80893 | Zig:16   | Got a ring of the Octopus King
 80898 | Zig:16   | Got a twitching garnet amulet
 80899 | Zig:16   | Identified the amulet "Haliag" {Faith rC+ Str-4 Int+5} (You
                  | found it on level 16 of a ziggurat)
 80909 | Zig:17   | Entered Level 17 of a ziggurat
 80951 | Zig:17   | Got a transparent granite ring
 80953 | Zig:17   | Identified the ring "Dunnykk" {rPois Int+3 Dex+6 SInv} (You
                  | found it on level 17 of a ziggurat)
 80957 | Zig:17   | Identified the cursed +0 helmet of the Eternal Void {MR+
                  | Int+2} (You found it on level 17 of a ziggurat)
 80963 | Zig:17   | Acquired 600 gold pieces
 80967 | Zig:17   | Acquired 2310 gold pieces
 80971 | Zig:17   | Acquired 2690 gold pieces
 81009 | Zig:18   | Entered Level 18 of a ziggurat
 81027 | Zig:18   | Noticed an ancient lich
 81027 | Zig:18   | Noticed an ancient lich
 81029 | Zig:18   | Killed an ancient lich
 81029 | Zig:18   | Killed an ancient lich
 81029 | Zig:18   | Noticed an ancient lich
 81030 | Zig:18   | Noticed an ancient lich
 81032 | Zig:18   | Killed an ancient lich
 81033 | Zig:18   | Killed an ancient lich
 81133 | Zig:18   | Identified Arhiqoll's Papyrus of Conjuration
 81138 | Zig:18   | Identified Jaof Vof's Volume of Malediction
 81145 | Zig:18   | Identified Ybowomn's Handbook of Creation and Flight
 81153 | Zig:19   | Entered Level 19 of a ziggurat
 81165 | Zig:19   | Noticed Baczehoc the pandemonium lord
 81165 | Zig:19   | Noticed Kiump the pandemonium lord
 81166 | Zig:19   | Noticed Rubutim the pandemonium lord
 81168 | Zig:19   | Noticed Cuukhlech the pandemonium lord
 81170 | Zig:19   | Killed Rubutim the pandemonium lord
 81170 | Zig:19   | Noticed Dyvvideh the pandemonium lord
 81171 | Zig:19   | Killed Baczehoc the pandemonium lord
 81171 | Zig:19   | Noticed Lank the pandemonium lord
 81174 | Zig:19   | Killed Dyvvideh the pandemonium lord
 81175 | Zig:19   | Killed Kiump the pandemonium lord
 81179 | Zig:19   | Noticed Genwoaz the pandemonium lord
 81183 | Zig:19   | Killed Cuukhlech the pandemonium lord
 81183 | Zig:19   | Paralysed by you for 4 turns
 81211 | Zig:19   | Killed Genwoaz the pandemonium lord
 81214 | Zig:19   | Killed Lank the pandemonium lord
 81492 | Zig:19   | Found the +4 robe of Augmentation {Str+4 Int+4 Dex+4}
 81549 | Zig:19   | Identified the cursed +0 helmet of Leaves {Harm rElec rF+}
                  | (You found it on level 19 of a ziggurat)
 81575 | Zig:19   | Identified the Incunabulum of the Supportive Mountains
 81582 | Zig:20   | Entered Level 20 of a ziggurat
 81603 | Zig:20   | Reached skill level 10 in Transmutations
 81665 | Zig:20   | Identified the Reference Book on Mutagenic Feathers
 81693 | Zig:20   | Identified the Collected Works on the Entrancing Snowflakes
 81701 | Zig:21   | Entered Level 21 of a ziggurat
 81713 | Zig:21   | Paralysed by a floating eye for 2 turns
 81799 | Zig:21   | Got a crude lead amulet
 81800 | Zig:21   | Identified the amulet of Eghazuip {RegenMP *Slow rElec
                  | Dex+4} (You found it on level 21 of a ziggurat)
 81831 | Zig:22   | Entered Level 22 of a ziggurat
 81847 | Zig:22   | Noticed an orb of fire
 81848 | Zig:22   | Noticed an orb of fire
 81855 | Zig:22   | Lost mutation: You are robust. (+10% HP) [an orb of fire]
 81855 | Zig:22   | Noticed an orb of fire
 81855 | Zig:22   | Noticed an orb of fire
 81857 | Zig:22   | Killed an orb of fire
 81860 | Zig:22   | Killed an orb of fire
 81860 | Zig:22   | Noticed an orb of fire
 81862 | Zig:22   | Noticed an orb of fire
 81862 | Zig:22   | Noticed an orb of fire
 81863 | Zig:22   | Gained mutation: You are dopey. (Int -2) [an orb of fire]
 81865 | Zig:22   | Killed an orb of fire
 81866 | Zig:22   | Killed an orb of fire
 81868 | Zig:22   | Killed an orb of fire
 81870 | Zig:22   | Killed an orb of fire
 81888 | Zig:22   | Killed an orb of fire
 82187 | Zig:22   | Lost mutation: You are dopey. (Int -2) [potion of mutation]
 82187 | Zig:22   | Lost mutation: You are surrounded by a mild repulsion
                  | field. (EV +2) [potion of mutation]
 82187 | Zig:22   | Lost mutation: You have a somewhat thin skeletal structure.
                  | (Dex +2, Stealth) [potion of mutation]
 82187 | Zig:22   | Gained mutation: You are frail. (-10% HP) [potion of
                  | mutation]
 82187 | Zig:22   | Gained mutation: Your flesh is heat resistant. (rF+)
                  | [potion of mutation]
 82188 | Zig:22   | Lost mutation: You are frail. (-10% HP) [potion of
                  | mutation]
 82188 | Zig:22   | Lost mutation: Your flesh is heat resistant. (rF+) [potion
                  | of mutation]
 82188 | Zig:22   | Gained mutation: You evolve. [potion of mutation]
 82188 | Zig:22   | Gained mutation: You are frail. (-10% HP) [potion of
                  | mutation]
 82188 | Zig:22   | Gained mutation: You are agile. (Dex +2) [potion of
                  | mutation]
 82188 | Zig:22   | Gained mutation: Your spells are a little harder to cast,
                  | but a little more powerful. [potion of mutation]
 82261 | Zig:22   | Identified the +9 morningstar of Duty {antimagic, *Contam
                  | rElec Int+4 Dex+3} (You found it on level 22 of a ziggurat)
 82272 | Zig:23   | Entered Level 23 of a ziggurat
 82297 | Zig:23   | Noticed an ancient lich
 82299 | Zig:23   | Killed an ancient lich
 82299 | Zig:23   | Reached skill level 15 in Necromancy
 82311 | Zig:23   | Found the +0 pair of fencer's gloves {Riposte Dex+3}
 82314 | Zig:23   | Found the amulet of Vitality {Regen+ HP+15}
 82472 | Zig:24   | Entered Level 24 of a ziggurat
 82962 | Zig:24   | Identified the Volume of Shape Shifting and Attacks
 82985 | Zig:24   | Identified the +5 morningstar of the Onslaught {vorpal, MR+
                  | Dex+2} (You found it on level 24 of a ziggurat)
 82997 | Zig:25   | Entered Level 25 of a ziggurat
 83021 | Zig:25   | Noticed an ancient lich
 83023 | Zig:25   | Killed an ancient lich
 83026 | Zig:25   | Noticed an ancient lich
 83031 | Zig:25   | Killed an ancient lich
 83192 | Zig:26   | Entered Level 26 of a ziggurat
 83214 | Zig:26   | Noticed a juggernaut
 83215 | Zig:26   | Noticed a juggernaut
 83216 | Zig:26   | Noticed a juggernaut
 83218 | Zig:26   | Killed a juggernaut
 83219 | Zig:26   | Killed a juggernaut
 83220 | Zig:26   | Killed a juggernaut
 83222 | Zig:26   | Noticed a juggernaut
 83223 | Zig:26   | Noticed a juggernaut
 83224 | Zig:26   | Killed a juggernaut
 83226 | Zig:26   | Killed a juggernaut
 83406 | Zig:26   | Found the +2 shield of Resistance {rF++ rC++ MR++}
 83421 | Zig:26   | Identified Isareuj's Collected Works on Aerial Moulding
 83429 | Zig:26   | Identified the Incunabulum of Viperous Darkness
 83440 | Zig:26   | Acquired the +3 pair of gauntlets of War {Slay+5}
 83441 | Zig:26   | Found the +3 pair of gauntlets of War {Slay+5}
 83453 | Zig:26   | Acquired 430 gold pieces
 83476 | Zig:27   | Entered Level 27 of a ziggurat
 83528 | Zig:27   | Found the ring of Robustness {AC+8}
 83686 | Zig:27   | Got a flickering garnet amulet
 83687 | Zig:27   | Identified the amulet "Nuxzank" {Inacc *Drain rElec rN++
                  | Str+2} (You found it on level 27 of a ziggurat)
 83689 | Zig:27   | Identified the Volume of Doomed Companions
 83694 | Zig:27   | Identified the Compendium of Fetching Shape Shifting
 83802 | Depths:1 | Voluntarily entered the Abyss.
 83892 | Abyss:2  | Found a roughly hewn altar of Beogh.
 84163 | Abyss:3  | Gained mutation: You are dopey. (Int -2) [a neqoxec]
 84166 | Abyss:3  | Gained mutation: You tend to lose your temper in combat. [a
                  | neqoxec]
 84398 | Abyss:3  | Paralysed by accursed screaming for 1 turns
 84897 | Abyss:3  | Gained mutation: Armour fits poorly on your strangely
                  | shaped body. [a neqoxec]
 84925 | Abyss:4  | Found a corrupted altar of Lugonu.
 85105 | Depths:1 | Escaped the Abyss
 85288 | Depths:1 | Voluntarily entered the Abyss.
 85380 | Abyss:1  | Paralysed by a lich for 3 turns
 85666 | Depths:1 | Escaped the Abyss
 85912 | Depths:1 | Voluntarily entered the Abyss.
 86088 | Abyss:1  | Gained mutation: You are weak. (Str -2) [a neqoxec]
 86803 | Abyss:3  | Gained mutation: Scrolls take you a little longer to read.
                  | [a neqoxec]
 86871 | Abyss:3  | Got an abyssal rune of Zot
 86878 | Depths:1 | Escaped the Abyss
 87001 | Zig:1    | Entered Level 1 of a ziggurat
 87022 | Zig:2    | Entered Level 2 of a ziggurat
 87051 | Zig:3    | Entered Level 3 of a ziggurat
 87111 | Zig:4    | Entered Level 4 of a ziggurat
 87129 | Zig:4    | Learned a level 9 spell: Absolute Zero
 87133 | Zig:4    | Identified the Disquisition on Dusty Moulding
 87139 | Zig:4    | Got a scorched lead amulet
 87142 | Zig:4    | Identified the amulet of Elyvilon's Indignation {Reflect
                  | rF++ SH+5 Stlth-} (You found it on level 4 of a ziggurat)
 87145 | Zig:5    | Entered Level 5 of a ziggurat
 87240 | Zig:5    | Got a brightly glowing lapis lazuli ring
 87243 | Zig:5    | Identified the ring "Taimewil" {Ice Str+3} (You found it on
                  | level 5 of a ziggurat)
 87245 | Zig:6    | Entered Level 6 of a ziggurat
 87251 | Zig:6    | Noticed a juggernaut
 87251 | Zig:6    | Noticed a juggernaut
 87252 | Zig:6    | Reached skill level 1 in Ice Magic
 87253 | Zig:6    | Killed a juggernaut
 87253 | Zig:6    | Killed a juggernaut
 87269 | Zig:6    | Got a flickering amber ring
 87280 | Zig:7    | Entered Level 7 of a ziggurat
 87321 | Zig:7    | Identified the ring "Ysu Bezo" {rC+ MP+9 Str+6} (You found
                  | it on level 6 of a ziggurat)
 87324 | Zig:7    | Identified the quicksilver dragon scales of the Ecumenical
                  | Temple {MR+ Str+5 Int+5 Stlth-} (You found it on level 7 of
                  | a ziggurat)
 87328 | Zig:8    | Entered Level 8 of a ziggurat
 87377 | Zig:8    | Got a scorched wooden ring
 87380 | Zig:8    | Identified the ring "Zatsidet" {*Tele Dex+3} (You found it
                  | on level 8 of a ziggurat)
 87384 | Zig:9    | Entered Level 9 of a ziggurat
 87394 | Zig:9    | Reached skill level 5 in Ice Magic
 87437 | Zig:10   | Entered Level 10 of a ziggurat
 87637 | Zig:11   | Entered Level 11 of a ziggurat
 87685 | Zig:11   | Identified the Almanac of the Supportive Traveller
 87689 | Zig:12   | Entered Level 12 of a ziggurat
 87697 | Zig:12   | Paralysed by a great orb of eyes for 6 turns
 88021 | Zig:12   | Found the +2 cloak of the Thief {*Fog Slay-2 SInv Stlth+}
 88030 | Zig:12   | Identified Biahacat's Almanac of Lethal Intoxication
 88059 | Zig:12   | Lost mutation: You are frail. (-10% HP) [potion of
                  | mutation]
 88059 | Zig:12   | Lost mutation: You are agile. (Dex +2) [potion of mutation]
 88059 | Zig:12   | Lost mutation: Scrolls take you a little longer to read.
                  | [potion of mutation]
 88059 | Zig:12   | Gained mutation: You are agile. (Dex +2) [potion of
                  | mutation]
 88059 | Zig:12   | Lost mutation: You tend to lose your temper in combat.
                  | [potion of mutation]
 88060 | Zig:12   | Lost mutation: You are agile. (Dex +2) [potion of mutation]
 88060 | Zig:12   | Lost mutation: You are weak. (Str -2) [potion of mutation]
 88060 | Zig:12   | Lost mutation: You are dopey. (Int -2) [potion of mutation]
 88060 | Zig:12   | Gained mutation: You are covered in fur. (AC +1) [potion of
                  | mutation]
 88060 | Zig:12   | Gained mutation: You tend to lose your temper in combat.
                  | [potion of mutation]
 88060 | Zig:12   | Gained mutation: Your muscles are strong. (Str +2) [potion
                  | of mutation]
 88062 | Zig:13   | Entered Level 13 of a ziggurat
 88162 | Zig:13   | Identified the cursed +0 pair of gloves "Yrphas" {Harm MR+
                  | rCorr} (You found it on level 13 of a ziggurat)
 88166 | Zig:13   | Identified the Incunabulum of Glacial Air
 88174 | Zig:14   | Entered Level 14 of a ziggurat
 88187 | Zig:14   | Reached skill level 27 in Fighting
 88187 | Zig:14   | Reached skill level 10 in Ice Magic
 88212 | Zig:14   | Found the ring of the Octopus King
 88222 | Zig:14   | Identified Buwitomp's Compendium of Curses
 88234 | Zig:14   | Identified the cursed +1 robe of Eheneide {rC+ rN+ Int-3}
                  | (You found it on level 14 of a ziggurat)
 88247 | Zig:15   | Entered Level 15 of a ziggurat
 88259 | Zig:15   | Noticed a juggernaut
 88262 | Zig:15   | Killed a juggernaut
 88262 | Zig:15   | Reached skill level 27 in Conjurations
 88265 | Zig:15   | Found the ring of the Octopus King
 88279 | Zig:15   | Identified Vixkos's Collected Works on Torrid Poison
 88286 | Zig:15   | Got a ring of the Octopus King
 88298 | Zig:16   | Entered Level 16 of a ziggurat
 88315 | Zig:16   | Found the +3 robe of Clouds {+Thunder rCloud rElec}
 88348 | Zig:16   | Got a scintillating golden ring
 88349 | Zig:16   | Identified the ring of Understanding {EV+4 Int-3 Dex+5}
                  | (You found it on level 16 of a ziggurat)
 88355 | Zig:16   | Identified the Grimoire of Transformation and Heat
 88367 | Zig:17   | Entered Level 17 of a ziggurat
 88407 | Zig:17   | Reached skill level 15 in Ice Magic
 88528 | Zig:17   | Identified the Papyrus of Toxins and Transmigration
 88545 | Zig:17   | Identified the Incunabulum of Mastery
 88555 | Zig:18   | Entered Level 18 of a ziggurat
 88628 | Zig:18   | Identified the +2 helmet "Efoclusch" {rF+ MP+9} (You found
                  | it on level 18 of a ziggurat)
 88699 | Zig:19   | Entered Level 19 of a ziggurat
 88720 | Zig:19   | Found the +5 robe of Night {Dark MR+ SInv}
 88747 | Zig:19   | Identified the Volume of the Scorching Mountains
 88779 | Zig:19   | Got a slimy steel ring
 88780 | Zig:19   | Identified the ring "Jiarirphu" {Wiz rPois rC+ MR+++ Str-3}
                  | (You found it on level 19 of a ziggurat)
 88784 | Zig:20   | Entered Level 20 of a ziggurat
 88826 | Zig:20   | Got a slimy marble ring
 88827 | Zig:20   | Identified the ring "Lanwaig" {*Contam MR+ Int+3 Slay+3
                  | Stlth+} (You found it on level 20 of a ziggurat)
 88839 | Zig:20   | Got a scintillating brass ring
 88840 | Zig:20   | Identified the ring "Higyo" {rElec rPois rN+ Str-3 Slay+5
                  | SInv} (You found it on level 20 of a ziggurat)
 88844 | Zig:20   | Identified the Incunabulum of Gliding Flames
 88940 | Zig:21   | Entered Level 21 of a ziggurat
 88951 | Zig:21   | Noticed an ancient lich
 88953 | Zig:21   | Killed an ancient lich
 88953 | Zig:21   | Noticed an ancient lich
 88954 | Zig:21   | Noticed an ancient lich
 88954 | Zig:21   | Noticed an ancient lich
 88957 | Zig:21   | Killed an ancient lich
 88957 | Zig:21   | Killed an ancient lich
 88958 | Zig:21   | Killed an ancient lich
 88972 | Zig:21   | Found the +7 Kryia's mail coat {PotionHeal*2 rC+}
 88992 | Zig:21   | Identified the Handbook of Supportive Intoxication
 89016 | Zig:21   | Identified the +1 pair of boots "Ziusius" {*Slow rF+ SInv}
                  | (You found it on level 21 of a ziggurat)
 89030 | Zig:22   | Entered Level 22 of a ziggurat
 89072 | Zig:22   | Identified Pimeagas's Early Guide to Magic
 89113 | Zig:22   | Got a faintly glowing amethyst amulet
 89114 | Zig:22   | Identified the amulet "Hosmuesch" {Reflect rC+ rN+ SH+5
                  | Stlth+} (You found it on level 22 of a ziggurat)
 89120 | Zig:22   | Got a vibrating copper ring
 89121 | Zig:22   | Identified the ring "Qaeg" {rPois rC- Dex+4 SInv} (You
                  | found it on level 22 of a ziggurat)
 89136 | Zig:23   | Entered Level 23 of a ziggurat
 89143 | Zig:23   | Paralysed by a sphinx for 7 turns
 89145 | Zig:23   | Noticed an ancient lich
 89159 | Zig:23   | Reached skill level 27 in Spellcasting
 89160 | Zig:23   | Killed an ancient lich
 89167 | Zig:23   | Noticed an ancient lich
 89168 | Zig:23   | Killed an ancient lich
 89171 | Zig:23   | Noticed an ancient lich
 89173 | Zig:23   | Killed an ancient lich
 89174 | Zig:23   | Killed an ancient lich
 89175 | Zig:23   | Noticed an ancient lich
 89177 | Zig:23   | Killed an ancient lich
 89338 | Zig:23   | Got a crude brass ring
 89339 | Zig:23   | Identified the ring "Vasar" {+Inv rF+ rC+ MR++ SInv} (You
                  | found it on level 23 of a ziggurat)
 89353 | Zig:23   | Identified Jitsec's Collected Works on Dark Clay
 89370 | Zig:23   | Got a vibrating lead amulet
 89371 | Zig:23   | Identified the amulet of Vanity {Spirit rPois} (You found
                  | it on level 23 of a ziggurat)
 89443 | Zig:24   | Entered Level 24 of a ziggurat
 89484 | Zig:24   | Found the +7 captain's cutlass {speed, disarm}
 89485 | Zig:24   | Found the cursed +14 obsidian axe {vorpal, +Fly SInv
                  | *Curse}
 89495 | Zig:24   | Got a wavering lapis lazuli ring
 89496 | Zig:24   | Identified the ring of Owiramn {rC+ MP+9} (You found it on
                  | level 24 of a ziggurat)
 89503 | Zig:24   | Reached skill level 15 in Evocations
 89522 | Zig:24   | Got a fine jade amulet
 89523 | Zig:24   | Identified the amulet "Ewkiasa" {Inacc rC+ Stlth+} (You
                  | found it on level 24 of a ziggurat)
 89560 | Zig:24   | Learned a level 9 spell: Death's Door
 89561 | Zig:25   | Entered Level 25 of a ziggurat
 89596 | Zig:25   | Killed from afar by a hellion

Illustrated notes

Levels and vault maps discovered:
D:1:      sevenhm_arrival_forest_fort_large_2, layout_basic,
          grunt_decor_resistance, lexackson_kobold_supper
D:2:      layout_loops_ring, lemuel_crystal_altar, cheibrodos_gnoll_hut,
          uniq_sigmund
D:3:      layout_basic, lemuel_zombie_altar_yredelemnul,
          overflow_temple_1_default, uniq_robin
D:4:      layout_rooms, kennysheep_slug_shrine, minmay_temple_entry_overgrown,
          minmay_statues_item, kennysheep_generic_room_12, uniq_natasha,
          uniq_menkaure
D:5:      layout_loops_ring, grunt_temple_overflow_magic_moments,
          nicolae_overflow_hidden_temple, basic_altar
D:6:      layout_loops_ring, lemuel_crystal_altar, xom_redecorated
D:7:      layout_basic, uniq_duvessa, uniq_joseph
D:8:      layout_loops_ring, lair_entry_dummy
D:9:      minmay_the_grid_square_5x5_4x4 [minmay_the_grid_square_5x5_bridge,
          minmay_the_grid_square_5x5_three, minmay_the_grid_square_5x5_empty,
          minmay_the_grid_square_5x5_n_small,
          minmay_the_grid_square_5x5_inner_v,
          minmay_the_grid_square_5x5_prize_open,
          minmay_the_grid_square_5x5_prize_monsterx,
          minmay_the_grid_square_5x5_tetrominoes,
          minmay_the_grid_square_5x5_trominoes,
          minmay_the_grid_square_5x5_prize_snowflake,
          minmay_the_grid_square_5x5_prize_gold,
          minmay_the_grid_square_5x5_mess, minmay_the_grid_square_5x5_shrine2,
          minmay_the_grid_square_5x5_tie, minmay_the_grid_square_5x5_hourglass,
          minmay_the_grid_square_5x5_spiral], layout_long_grid,
          lemuel_crystal_altar, nicolae_dithmenos_shadow_blocks,
          kennysheep_little_box, fedhas_altar_3, fungi_pond_lemuel
D:10:     layout_basic, orc_0_dummy, serial_shops, shop, grunt_ogre_cave,
          grunt_gozag_statues, uniq_maurice
D:11:     layout_basic, serial_undead, serial_undead_e, serial_undead_d,
          serial_undead_d, serial_undead_e, serial_shops,
          nicolae_shop_temple_entry_statues_fountains, chequers_mini_garden,
          kennysheep_generic_room_14
D:12:     layout_roguey
D:13:     layout_rooms, serial_shops, shop,
          nicolae_shop_competitors_out_of_business, nicolae_shop_waterfront,
          kennysheep_mini_moat, shop_statue, portal_ice_cave_entry_pillars_2
D:14:     layout_irregular_city, lightli_vaults_fourway_checkpoint,
          minmay_misc_feat_iff, serial_ice, serial_ice_e, serial_ice_i,
          serial_ice_h, serial_ice_c, serial_ice_n, serial_ice_o, serial_ice_f,
          serial_ice_g, chequers_garden, nemelex_diamond_rough_becter
D:15:     grunt_enter_depths_giant_problem, layout_small_grid,
          chequers_serial_rivers_micro_a, enter_trove_0, roderic_batcave,
          hangedman_glass_teeth
Temple:   corrupted_temple
Lair:1:   layout_misc_corridors, basic_altar, st_stairs_9,
          chequers_serial_rivers_marsh, uniq_erica, uniq_maggie
Lair:2:   layout_long_grid, hangedman_lair_unloving_vines
Lair:3:   layout_hall_layers, palyth_hydra_swamp_entry, gammafunk_ghost_hive,
          enter_volcano_3, kennysheep_snail_temple, grunt_megastairs_3
Lair:4:   layout_cave_pods, spider_nest_entry_a,
          eino_small_chamber_without_monster, minmay_lair_oklob_chamber,
          uniq_sonja, uniq_josephine
Lair:5:   layout_roguey, slime_altar_2, st_stairs_13, minmay_lair_drake_nest,
          lemuel_fruit_tree
Lair:6:   minmay_lair_end_frog_pond, layout_misc_corridors,
          grunt_forest_large_clearing_hut
Swamp:1:  layout_falls_marsh, evilmike_swamp_ruin_house_5, uniq_frances
Swamp:2:  layout_basic_swamp, basic_altar
Swamp:3:  layout_basic_swamp, infiniplex_staircase_pool_2, uniq_mara
Swamp:4:  swamp, layout_basic_swamp
Spider:1: layout_chambers, nicolae_spider_webs_and_nodes, nicolae_spider_shape,
          uniq_azrael
Spider:2: layout_spider_delve
Spider:3: layout_spider_delve, nicolae_spider_circle_web, drop_trap
Spider:4: johnstein_spider_rune_arachne_lair
Slime:1:  layout_caves
Slime:2:  layout_caves
Slime:3:  cheibrodos_slime_lost_civilization_2, layout_caves
Slime:4:  layout_caves, nicolae_slime_welcoming_committee
Slime:5
Orc:1:    layout_diamond_mine, basic_altar, uniq_jorgrun
Orc:2:    st_orc_rangers, layout_diamond_mine, gauntlet_entry_generic
Elf:1:    elf_arrival_001, layout_loops_cross, basic_altar, serial_shops,
          shop_statue, hangedman_elf_disciples, minmay_elf_sorcery
Elf:2:    layout_geoelf_diagonals, serial_shops, shop, st_stairs_10,
          grunt_ministairs_2, grunt_megastairs_2
Elf:3:    minmay_elf_hall_hex, layout_loops_cross, grunt_ministairs_15,
          minivault_27, uniq_louise
Vaults:1: v_misc_18, hangedman_vaults_nails, vaults_mumra_hexcomb,
          nicolae_vaults_network_star, ontoclasm_vaults_spin,
          vaults_mumra_chevron, nicolae_vaults_rhombus_6,
          nicolae_vaults_windows_and_doors_thing, vaults_room_door_ring,
          layout_vaults_maze
Vaults:2: nicolae_vaults_specimen_jars, vaults_room_hallway,
          nicolae_vaults_border_crossing, vaults_dpeg_diagonal,
          ontoclasm_vaults_chip, grunt_tower_of_power, v_misc_1,
          vaults_room_door_hall, hangedman_vaults_maws,
          vaults_mumra_minichess_inversion, layout_vaults_omnicross,
          serial_shops, shop_statue, uniq_xtahua
Vaults:3: nicolae_vaults_ring_of_whatevers, serial_ice_h, v_misc_29,
          hangedman_vaults_slice, ontoclasm_vaults_gateway,
          vaults_standard_mumra_lines, nicolae_vaults_little_squares_3,
          minmay_crypt_entry_simple_box, vaults_dpeg_encased_lava,
          layout_vaults_omnigrid
Vaults:4: v_alt_pattern_3, v_pattern_4, nicolae_vaults_ninety_degrees,
          hangedman_vaults_cutoff, hangedman_vaults_maws,
          nicolae_vaults_little_squares_4, nicolae_vaults_diagonal_hallway_7,
          hangedman_vaults_unwind, ontoclasm_vaults_chip, vaults_room_hallway,
          layout_vaults_big_room, serial_shops, nicolae_shop_crystal
Vaults:5: uniq_sojobo
Crypt:1:  layout_chaotic_city, basic_altar, due_unseen_surprise,
          uniq_saint_roka, uniq_frederick
Crypt:2:  layout_misc_corridors, minmay_strange_pillars, st_stairs_4,
          uniq_margery, uniq_boris
Crypt:3:  evilmike_haunted_forest
Depths:1: layout_forbidden_donut, abyss_entry, hangedman_coc_ice_floe,
          minmay_misc_feat_encased, minivault_1, minmay_misc_feat_hallway,
          st_stairs_10, kennysheep_cluttered_room, minmay_alternating_orb
Depths:2: gammafunk_the_bubble [the_bubble_gammafunk_plus_minus],
          layout_small_grid, enter_ziggurat_c, rand_demon_pan_entry_5,
          kennysheep_nub, ebering_ghost_gozag, hell_entry
Depths:3: hangedman_slaughterboxes, hell_entry, pan_entry
Depths:4: minmay_guarded_unrand_sceptre_of_torment, layout_cave_pools,
          abyss_entry, hangedman_decor_lopped, hell_entry, minmay_shop_grove
Depths:5: evilmike_zot_entry_diamond, layout_cave_pools,
          pf_hell_entry_tar_spiral
Zig:25:   ziggurat_pillar_d, ziggurat_pillar_d, ziggurat_pillar_d,
          ziggurat_pillar_d

Skill      XL: |  1  2  3  4  5  6  7  8  9 10 11 12 13 14 15 16 17 18 19 20 21 22 23 24 25 26 27 |
---------------+----------------------------------------------------------------------------------+-----
Earth Magic    | 4 5 6 7 8 9 10 11 12 13 14 15 16 17 18 19 22 | 22.0
Spellcasting   | 3 4 5 6 7 8 9 10 11 12 13 14 15 27 | 27.0
Conjurations   | 1 2 3 4 5 6 7 8 9 10 11 12 13 14 15 16 17 27 | 27.0
Fighting       | 2 3 5 6 7 9 10 11 12 13 14 15 16 17 27 | 27.0
Armour         | 2 3 5 6 |  6.0
Maces & Flails | 2 3 4 5 7 8 9 10 11 12 13 14 15 16 | 16.0
Dodging        | 2 3 4 5 6 7 8 9 10 11 12 13 17 | 17.8
Evocations     | 2 3 4 5 6 7 8 9 10 11 15 | 15.5
Fire Magic     | 3 6 8 10 13 16 17 18 19 20 21 22 | 22.0
Transmutations | 10 | 10.0
Necromancy     | 18 | 18.3
Ice Magic      | 22 | 22.0
Stealth        | |  2.1

Action                   |  1- 3 |  4- 6 |  7- 9 | 10-12 | 13-15 | 16-18 | 19-21 | 22-24 | 25-27 || total
-------------------------+-------+-------+-------+-------+-------+-------+-------+-------+-------++-------
Melee: Unarmed           |     8 |       |       |       |       |       |       |       |       ||     8
       Dagger            |    89 |       |   304 |   676 |   307 |       |       |       |       ||  1376
       Mace              |       |   146 |    18 |       |   394 |       |       |       |       ||   558
       Demon whip        |       |       |       |       |   145 |  1358 |   683 |   825 |  1111 ||  4122
       Staff             |       |       |       |       |       |       |       |       |    10 ||    10
Throw: Throwing net      |       |       |       |       |       |     1 |       |       |       ||     1
       Stone             |       |       |       |       |       |       |       |       |     1 ||     1
 Cast: Sandblast         |    18 |    52 |    51 |    56 |    61 |    10 |     3 |       |     1 ||   252
       Lee's Rapid Decon |       |       |     2 |    65 |   131 |    55 |    73 |    33 |    44 ||   403
       Stone Arrow       |       |       |       |    24 |   192 |     2 |     1 |       |     2 ||   221
       Bolt of Magma     |       |       |       |       |    44 |    45 |       |       |       ||    89
       Fireball          |       |       |       |       |     1 |    49 |     1 |     5 |       ||    56
       Iron Shot         |       |       |       |       |       |    94 |   117 |   107 |   276 ||   594
       Ignition          |       |       |       |       |       |     2 |    54 |    60 |   141 ||   257
       Lehudib's Crystal |       |       |       |       |       |       |       |     1 |    19 ||    20
       Shatter           |       |       |       |       |       |       |       |    19 |   287 ||   306
       Fire Storm        |       |       |       |       |       |       |       |     8 |   133 ||   141
       Necromutation     |       |       |       |       |       |       |       |       |     2 ||     2
 Abil: Evoke Invisibilit |       |       |       |     1 |     2 |       |     1 |     1 |       ||     5
       Fly               |       |       |       |       |     1 |       |       |       |       ||     1
       End Transformatio |       |       |       |       |       |       |       |       |     2 ||     2
Evoke: Wand              |       |       |    12 |       |    32 |    10 |     2 |     2 |     9 ||    67
       Tin of tremorston |       |       |       |       |     7 |     2 |       |       |     1 ||    10
       Lightning rod     |       |       |       |       |     4 |       |       |       |       ||     4
       Condenser vane    |       |       |       |       |       |       |       |       |     3 ||     3
       Box of beasts     |       |       |       |       |       |       |       |       |     1 ||     1
       Figurine of a zig |       |       |       |       |       |       |       |       |     1 ||     1
  Use: Scroll            |       |    10 |     9 |     5 |    20 |    17 |    14 |     7 |    78 ||   160
       Potion            |       |     2 |     1 |     2 |     1 |     5 |     4 |     9 |    50 ||    74
 Stab: Sleeping          |     2 |     2 |    14 |    19 |     9 |    17 |    12 |     9 |     3 ||    87
       Invisible         |       |       |       |     8 |       |       |     4 |       |     1 ||    13
       Distracted        |       |       |       |     2 |     1 |     5 |     1 |     2 |     7 ||    18
Armor: Robe              |    33 |    85 |   164 |   272 |   384 |   415 |   176 |   230 |   546 ||  2305
Dodge: Dodged            |    63 |   145 |   230 |   447 |   873 |  1000 |   429 |   545 |  1412 ||  5144
Block: Other             |       |       |       |   122 |   236 |   219 |   101 |    97 |   305 ||  1080
       Reflection        |       |       |       |       |    16 |    13 |    10 |     2 |    16 ||    57

Table legend: (Time is in decaauts)
 A = Elapsed time spent in this place.
 B = Non-inter-level travel time spent in this place.
 C = Inter-level travel time spent in this place.
 D = Time resting spent in this place.
 E = Time spent auto-exploring this place.
 F = Levels seen in this place.
 G = Mean time per level.
                   A        B        C        D        E       F      G
               +--------+--------+--------+--------+--------+-----+--------+
         Total |  87985 |  80136 |   7849 |  22238 |  37575 | 118 |  745.6 |
       Dungeon |  24337 |  21174 |   3163 |   5488 |  11007 |  15 | 1622.5 |
        Temple |     40 |     27 |     13 |      0 |     27 |   1 |   40.0 |
          Lair |   8923 |   7642 |   1281 |   1270 |   4315 |   6 | 1487.2 |
         Swamp |   4704 |   4380 |    324 |    602 |   2946 |   4 | 1176.0 |
   Spider Nest |   4831 |   4376 |    455 |    739 |   2887 |   4 | 1207.8 |
    Slime Pits |   1348 |   1308 |     40 |    777 |      0 |   5 |  269.6 |
  Orcish Mines |   1718 |   1535 |    183 |     38 |   1063 |   2 |  859.0 |
   Elven Halls |   5858 |   5481 |    377 |   1601 |   2922 |   3 | 1952.7 |
        Vaults |   9567 |   8331 |   1236 |   2237 |   4457 |   5 | 1913.4 |
         Crypt |   5192 |   4954 |    238 |   1278 |   2734 |   3 | 1730.7 |
        Depths |   8477 |   7941 |    536 |   2615 |   3884 |   5 | 1695.4 |
         Abyss |   3464 |   3464 |      0 |    810 |    893 |  10 |  346.4 |
      Ziggurat |   7294 |   7294 |      0 |   3772 |      0 |  52 |  140.3 |
      Ice Cave |   1139 |   1139 |      0 |    642 |    116 |   1 | 1139.0 |
       Volcano |    486 |    486 |      0 |    214 |     52 |   1 |  486.0 |
      Gauntlet |    598 |    598 |      0 |    155 |    271 |   1 |  598.0 |
               +--------+--------+--------+--------+--------+-----+--------+

Top non-repeatable levels by time:
    D:12: 3199 daAuts
   Elf:3: 3096 daAuts
Vaults:4: 2925 daAuts
 Crypt:3: 2699 daAuts
Depths:3: 2441 daAuts
  Lair:3: 2353 daAuts
     D:9: 2247 daAuts
    D:14: 2091 daAuts
Vaults:3: 2070 daAuts
    D:10: 1927 daAuts
Depths:4: 1880 daAuts
Depths:1: 1811 daAuts
Vaults:2: 1777 daAuts
  Lair:6: 1774 daAuts
     D:8: 1766 daAuts
